 Dungeon Crawl Stone Soup version 0.32-a0-799-g95e1662365 (webtiles) character file.

Game seed: 2068346881619436703

797031 Xavori the Cryomancer (level 27, -13/242 HPs)
             Began as a Djinni Chaos Knight on Mar 21, 2024.
             Was a Favourite Plaything of Xom.
             Killed from afar by a hellion (28 damage)
             ... with damnation
             ... summoned by Cerebov
             ... in Pandemonium.
             The game lasted 03:07:07 (70311 turns).

Xavori the Cryomancer (Djinni Chaos Knight)        Turns: 70311, Time: 03:07:09

Health: -13/242    AC: 26    Str: 23    XL:     27
Gold:   6924       EV: 34    Int: 26    God:    Xom [.....*] SH: 28 Dex: 33

rFire   + + .        o - +8 double sword "Ecamuow" {freeze, rF+ rC+ Int+3 Dex+3}
rCold   + + .        U - +5 Storm Queen's Shield {shock, Fly rElec}
rNeg    + + +        r - +5 ring mail of the Farrier {rC+ Dex+3}
rPois   ∞            O - +1 hat of Yckuniph {Fly rCorr Str+4}
rElec   +            Q - +1 cloak of Buutop {Dex+4}
rCorr   +            n - +1 pair of gloves of Space {Int+5 SInv}
SInv    +            (boots unavailable)
Will    +++++        J - amulet of Kikubaaqudgha's Pride {Reflect Will+ Regen+ SH+5}
Stlth   ++           y - +6 ring of dexterity
HPRegen 1.40/turn    Y - +4 ring of protection
MPRegen 0.00/turn

%: reflection, clarity, infuse magic (-14 HP)
@: about to teleport, death-form, fire vulnerable, calling dragons, flying,
studying 3 skills
A: vile attack, torment immunity, no potions, flying, sickness immunity, fire
resistance 2, cold vulnerability 1, float, innate caster, HP casting, extra
vitality 1, antennae 1, claws 2, fangs 1, iridescent scales 1, clarity,
strong-willed 1, mutation resistance 1, passive freeze, robust 2, strong 1,
MP-powered wands, sturdy frame 1
}: 7/15 runes: decaying, serpentine, slimy, silver, abyssal, demonic, magical
a: Siphon Essence, Begin Untransformation, Renounce Religion


You were in Pandemonium.
You worshipped Xom.
You were Xom's teddy bear.
You were an undying horror.
You visited 12 branches of the dungeon, and saw 56 of its levels.
You visited Pandemonium 1 time, and saw 5 of its levels.
You visited the Abyss 1 time.
You visited 1 bazaar.
You also visited: Trove, Bailey and Ice Cave.

You collected 9475 gold pieces.
You spent 2551 gold pieces at shops.

Inventory:

Hand Weapons
 o - the +8 double sword "Ecamuow" (weapon) {freeze, rF+ rC+ Int+3 Dex+3}
   (You acquired it on level 1 of the Orcish Mines)

   Int+3:     It affects your intelligence (+3).
   Dex+3:     It affects your dexterity (+3).
   rF+:       It protects you from fire.
   rC+:       It protects you from cold.
Armour
 a - the +0 hat of Wyecrai {Int+3}
   (You acquired it on level 2 of the Depths)

   Int+3:     It affects your intelligence (+3).
 n - the +1 pair of gloves of Space (worn) {Int+5 SInv}
   (Xom gifted it to you on level 5 of the Vaults)

   Int+5:     It affects your intelligence (+5).
   SInv:      It lets you see invisible.
 q - the +0 hat of Hielojan {Rampage rPois Str+3 Int+4}
   (You found it in a treasure trove)

   Str+3:     It affects your strength (+3).
   Int+4:     It affects your intelligence (+4).
   rPois:     It protects you from poison.
   Rampage:   It bestows one free step when moving towards enemies.
 r - the +5 ring mail of the Farrier (worn) {rC+ Dex+3}
   (You bought it in a shop on level 3 of the Vaults)

   Dex+3:     It affects your dexterity (+3).
   rC+:       It protects you from cold.
 O - the +1 hat of Yckuniph (worn) {Fly rCorr Str+4}
   (You found it in a treasure trove)

   Str+4:     It affects your strength (+4).
   Fly:       It grants you flight.
   rCorr:     It protects you from acid and corrosion.
 Q - the +1 cloak of Buutop (worn) {Dex+4}
   (You found it in a treasure trove)

   Dex+4:     It affects your dexterity (+4).
 T - a +2 cloak of preservation
 U - the +5 Storm Queen's Shield (worn) {shock, Fly rElec}
   (You bought it in a shop on level 2 of the Orcish Mines)

   Shock:     When it blocks an attack, it may electrocute the attacker.
   This works even against foes who are a short distance away.
   rElec:     It insulates you from electricity.
   Fly:       It grants you flight.
 X - the +0 pair of fencer's gloves {Riposte Dex+3}
   (You found it in a treasure trove)

   Riposte:   It allows the wearer to riposte with melee weapons, swiftly
   retaliating against missed or blocked melee attacks.
   Dex+3:     It affects your dexterity (+3).
Jewellery
 y - a +6 ring of dexterity (left hand)
 E - a +6 ring of intelligence
 J - the amulet of Kikubaaqudgha's Pride (around neck) {Reflect Will+ Regen+ SH+5}
   (You found it on level 5 of the Pits of Slime)

   [amulet of reflection]

   Reflect:   It reflects blocked missile attacks.
   Will+:     It increases your willpower.
   Regen+:    It increases your rate of health regeneration.
   SH+5:      It affects your SH (+5).
 Y - a +4 ring of protection (right hand)
Talismans
 K - a talisman of death (active)
Wands
 b - a wand of digging (23)
 F - a wand of flame (102)
 M - a wand of mindburst (60)
 N - a wand of light (23)
 P - a wand of charming (100)
Scrolls
 c - a scroll of butterflies
 g - 8 scrolls of enchant armour
 i - 21 scrolls of teleportation
 j - 10 scrolls of fear
 l - 2 scrolls of summoning
 s - 9 scrolls of fog
 u - 10 scrolls of enchant weapon
 v - a scroll of torment
 w - 8 scrolls of poison
 B - 9 scrolls of revelation
 D - a scroll of silence
 H - 4 scrolls of brand weapon
 R - 7 scrolls of vulnerability
 S - 11 scrolls of immolation
Potions
 d - 35 potions of curing
 e - 11 potions of haste
 f - 5 potions of might
 h - 6 potions of ambrosia
 m - 12 potions of mutation
 p - 6 potions of invisibility
 x - 15 potions of brilliance
 z - 19 potions of heal wounds
 A - 4 potions of resistance
 C - 5 potions of cancellation
 G - 5 potions of enlightenment
 I - 3 potions of berserk rage
Miscellaneous
 k - a phantom mirror
 t - a tin of tremorstones (2/2)
 L - a box of beasts
 V - a phial of floods
 W - a lightning rod (4/4)


   Skills:
 + Level 19.1 Fighting
 + Level 17.8 Long Blades
 + Level 18.1 Armour
 + Level 19.7 Dodging
 + Level 17.0 Shields
 * Level 19.6 Spellcasting
 * Level 19.6 Conjurations
 * Level 19.6 Hexes
 * Level 22.0 Summonings
 * Level 19.6 Necromancy
 * Level 19.6 Translocations
 * Level 19.6 Fire Magic
 * Level 24.5 Ice Magic
 * Level 19.6 Air Magic
 * Level 19.6 Earth Magic
 * Level 21.7 Alchemy
 - Level 10.5 Evocations
 - Level 23.1 Shapeshifting


You knew the following spells:

 Your Spells              Type           Power      Damage    Failure   Level
a - Necrotise             Necr           100%       1d9       0%          1
b - Jinxbite              Hex            100%       N/A       0%          2
c - Sigil of Binding      Hex            91%        N/A       0%          3
d - Cause Fear            Hex            45%        N/A       0%          4
e - Dimensional Bullseye  Hex/Tloc       45%        N/A       0%          4
f - Freezing Cloud        Conj/Ice/Air   47%        6-21      0%          5
g - Death Channel         Necr           45%        N/A       1%          6
h - Malign Gateway        Summ/Tloc      46%        N/A       1%          7
i - Permafrost Eruption   Ice/Erth       48%        2x4d14    1%          6
j - Monstrous Menagerie   Summ           48%        N/A       1%          7
k - Lehudib's Crystal Sp  Conj/Erth      45%        10d11     6%          8
l - Discord               Hex            45%        N/A       6%          8
m - Dragon's Call         Summ           48%        N/A       34%         9
Your spell library was empty.

Dungeon Overview and Level Annotations

Branches:
Dungeon (15/15)            Temple (0/1) D:6            Lair (5/5) D:8
  Swamp (4/4) Lair:3        Snake (4/4) Lair:3        Slime (5/5) Lair:5
    Orc (2/2) D:11            Elf (3/3) Orc:2        Vaults (visited)
  Crypt (3/3) Vaults:3       Tomb (0/3) Crypt:3      Depths (4/4) D:15
   Hell (visited)             Dis (0/7) Hell            Geh (0/7) Hell
    Coc (0/7) Hell            Tar (0/7) Hell            Zot (5/5) Depths:4
 Bailey (visited)           IceCv (visited)

Altars:
Elyvilon
Fedhas
Gozag
Hepliaklqana
Makhleb
Okawaru
Wu Jian
Xom
Yredelemnul
Zin
The Shining One
Jiyva
Lugonu

Shops:
D:5 ?*   D:10 *   D:14 *   D:15 (   Orc:2 *([[   Elf:1 (   Elf:2 !   Snake:1 :*
Snake:3 :([([   Vaults:3 [   Depths:1 (

Portals:
Hell: Depths:1 Depths:2 Depths:3 Depths:4
Abyss: Lair:5 Depths:1 Depths:3
Pandemonium: Depths:2
Ziggurat: Depths:1

Annotations:
D:3 Terence
D:4 2 transporters, yleetSyT's ghost, amateur DEFE
Lair:1 exclusion: oklob plant
Lair:5 2 transporters, AutarchDCSS's ghost, journeyman OnAl
Elf:2 3 runed translucent doors
Pan Cerebov


Innate Abilities, Weirdness & Mutations

You are an undying horror.
Your melee and unarmed attacks drain, slow and weaken victims.
You are immune to unholy pain and torment.
You cannot drink.
You are flying.
You are immune to sickness and miasma.
You are immune to poison.
Your flesh is very heat resistant. (rF++)
You are vulnerable to cold. (rC-)
You float through the air rather than walking.
You learn spells naturally, not from books.
Your magical power is your life essence.
You have superior vitality. (+4 MHP)
You have a pair of small antennae on your head.
You have very sharp fingernails.
You have very sharp teeth.
You are partially covered in iridescent scales. (AC +2)
You possess an exceptional clarity of mind.
You are strong-willed. (Will+)
You are somewhat resistant to further mutation.
A frigid envelope surrounds you and freezes all who hurt you.
You are very robust. (+20% HP)
Your muscles are strong. (Str +4, Int/Dex -1)
You expend health (3 HP) to strengthen your wands.
Your movements are slightly less encumbered by armour. (ER -2)


Message History

Cerebov is severely wounded.
* * * LOW HITPOINT WARNING * * *
You are engulfed in blazing flames.
You resist.
* * * LOW HITPOINT WARNING * * *
The hellion gestures at you.
The sphere of damnation explodes!
The damnation engulfs you!!
* * * LOW HITPOINT WARNING * * *
The damnation engulfs Cerebov.
Cerebov completely resists.
The balrug hits your shadow dragon with a +1 antimagic demon whip.
Your shadow dragon is engulfed in flames!
Cerebov hits your shadow dragon with the +6 sword of Cerebov!
Cerebov burns your shadow dragon.
The sword of Cerebov burns away your shadow dragon's fire resistance.
Your shadow dragon bites the hellion.
Your shadow dragon barely misses the hellion.
Your shadow dragon claws the hellion.
Your rust devil hits Cerebov.
Cerebov seems to be corroded for longer.
Blink to where?
Press: ? - help, Dir - move target, p - Cerebov
Found a wand of mindburst (9) and 26 gold pieces.
As you read the scroll of blinking, it crumbles to dust.
A dragon arrives to answer your call!
* * * LOW HITPOINT WARNING * * *
The balrug hits your shadow dragon with a +1 antimagic demon whip.
Your shadow dragon is engulfed in flames!!
Your shadow dragon is burned terribly!
Cerebov hits your shadow dragon with the +6 sword of Cerebov!
Cerebov burns your shadow dragon!
Your golden dragon is engulfed in blazing flames.
Your golden dragon bites Cerebov!
Your golden dragon barely misses Cerebov.
Your golden dragon tramples Cerebov but does no damage.
Unknown command.
As you read the scroll of teleportation, it crumbles to dust.
You feel strangely unstable. A dragon arrives to answer your call!
* * * LOW HITPOINT WARNING * * *
The hellion gestures at you.
The sphere of damnation explodes!
The damnation engulfs you!!
You die...
Xom laughs nastily!

#....≈≈## ##≈≈....#
#.≈≈≈≈###§§..≈###≈≈≈≈.#
#.≈#####§≈§§.≈≈#####≈.#
#.≈# ..#§§§....#$∆ #≈.#
#.≈#∆∆/'.§.....'∆∆∆#≈.#
#.≈# ∆ #.....§§# ∆∆#≈.#
#.≈#####≈≈...≈§#####≈.#
#.≈≈≈≈###≈...§###≈≈≈≈.#
#....≈≈###''z###≈≈....#
#.....≈≈#≈...§#≈≈.....#
#.....≈≈#≈..○§#≈≈.....#
#.≈≈≈≈≈##≈...≈##≈≈≈≈≈.#
#.≈######≈...§######≈.#
∆#.≈#○§4#≈D2..≈≈#.))#≈.#
#.≈#.)§&2......')==#≈.#
#.≈#○§D#≈D.§§§§#:/:#≈.#
#.≈######2...≈######≈.#


You could see Cerebov (fast, distracted, slow, corroded, weak, ally target), a
balrug (summoned, distracted, ally target), a hellion (summoned, ally target), a
friendly shadow dragon (summoned, combustible), a friendly golden dragon
(summoned) and a friendly fire dragon (summoned).

Vanquished Creatures
  the Royal Jelly (Slime:5)
  Dissolution (Slime:4)
  2 pandemonium lords (Pan)
  Frederick (Vaults:5)
  4 dread liches
  An orb of fire (Zot:5)
  Mara (Vaults:3)
  A juggernaut (Depths:2)
  Boris (twice) (Vaults:4 Depths:1)
  Bai Suzhen (Crypt:2)
  5 Killer Klowns (Zot:5)
  the Lernaean hydra (Swamp:3)
  Margery (Vaults:3)
  Vashnia (Snake:4)
  Saint Roka (Vaults:3)
  4 caustic shrikes (Depths:4)
  4 curse toes
  13 golden dragons
  Jory (Crypt:2)
  3 profane servitors
  3 bone dragons
  A Tzitzimitl (Pan)
  3 Brimstone Fiends (Pan)
  5 electric golems
  2 Ice Fiends (Pan)
  A hellephant (Pan)
  2 walking crystal tomes
  20 tentacled monstrosities
  Asterion (Snake:4)
  9 Orb Guardians (Zot:5)
  Zenata (Crypt:1)
  11 liches
  8 titans
  6 deep elf master archers (Elf:3)
  4 deep elf blademasters (Elf:3)
  5 quicksilver dragons
  4 ancient champions
  22 acid blobs
  5 searing wretches
  5 sphinxes
  2 tentacled starspawn
  Murray (Depths:4)
  An Executioner (Pan)
  13 death cobs
  16 shadow dragons
  5 tengu reavers
  11 storm dragons
  2 fenstrider witches
  12 azure jellies
  Aizul (Snake:4)
  12 nagarajas (Snake:4)
  3 demonspawn warmongers (Pan)
  The ghost of Dunag the Warrior, a journeyman MiFi of Ru (D:14)
  3 revenants
  16 rockslimes
  12 fire giants
  3 draconian knights
  2 draconian monks
  5 protean progenitors
  11 vault wardens
  4 deep elf sorcerers
  6 draconian scorchers
  3 draconian shifters
  7 frost giants
  4 iron dragons
  5 deep elf elementalists
  4 ghost moths (Zot:1)
  5 ghouls
  2 curse skulls (Crypt:1)
  17 ironbound preservers
  16 balrugs
  8 draconian annihilators
  7 draconian stormcallers
  2 orc warlords
  2 cacodemons
  A spriggan defender (Depths:4)
  12 quicksilver oozes
  8 reapers
  8 ironbound thunderhulks
  9 demonspawn blood saints (Pan)
  4 formless jellyfish
  A caustic shrike skeleton (Crypt:3)
  2 demonspawn corrupters (Pan)
  2 nameless horrors (Pan)
  26 very ugly things
  A starflower (Abyss:3)
  15 vampire knights
  13 stone giants
  3 demonspawn black suns (Pan)
  9 yellow draconians
  15 green draconians
  5 eleionomae
  6 black draconians
  13 deep elf death magi
  4 war gargoyles
  5 deep elf demonologists
  5 deep elf annihilators
  12 purple draconians
  5 white draconians
  15 dire elephants
  12 red draconians
  6 lorocyprocas (Pan)
  The ghost of octoduck the Severer, a journeyman MDFi of Yredelemnul (Orc:2)
  5 bunyips
  5 spark wasps (Depths:2)
  Snorg (D:14)
  23 blizzard demons
  22 jiangshi
  3 green deaths (Pan)
  14 ettins
  12 fire dragons
  Josephine (D:14)
  4 iron golems
  5 deep elf high priests
  2 shambling mangroves
  2 entropy weavers
  21 hydras
  10 yaktaur captains
  An entropy weaver (shapeshifter) (Lair:5)
  8 ice dragons
  2 hell beasts (Pan)
  34 vault guards
  22 rakshasas
  2 salamander tyrants (Snake:4)
  An elf skeleton (Hell)
  9 great orbs of eyes
  A jorogumo (Pan)
  5 spriggan air magi
  A spriggan zombie (Hell)
  An anaconda (shapeshifter) (Vaults:5)
  A catoblepas (Lair:5)
  8 ogre magi
  13 two-headed ogres
  A peacekeeper (Vaults:1)
  11 alligators
  A spriggan skeleton (Abyss:3)
  10 dancing weapons
  20 centaur warriors
  11 ironbound frosthearts
  A stoker (Hell)
  4 death knights
  4 boulder beetles
  3 anacondas
  A merfolk aquamancer (Pan)
  14 naga warriors
  3 deep troll shamans
  12 hell hogs
  4 vampire magi
  13 thrashing horrors
  3 deep troll earth magi
  8 tengu warriors
  5 spriggan berserkers
  3 occultists (Depths:3)
  14 soul eaters
  A demonic crawler (Pan)
  10 orc high priests
  25 hell knights
  2 shock serpents
  A shock serpent (shapeshifter) (Vaults:4)
  5 wretched stars
  13 deep elf knights
  16 naga sharpshooters
  37 sun demons
  8 iron trolls
  11 sixfirhies
  22 skeletal warriors
  A skyshark (Lair:3)
  2 fire crabs
  A bunyip zombie (Hell)
  3 salamander mystics
  4 shadow wraiths
  19 large abominations
  A spatial maelstrom (Abyss:3)
  A skyshark (shapeshifter) (Vaults:5)
  15 glowing orange brains
  2 shadow demons (Pan)
  A death drake (Swamp:3)
  A deep troll (shapeshifter) (Vaults:5)
  9 goliath frogs
  A sea snake (Vaults:1)
  34 deep trolls
  A spriggan druid (Swamp:2)
  20 bog bodies
  An obsidian statue (IceCv)
  13 mana vipers
  12 flayed ghosts
  13 phantasmal warriors
  7 naga ritualists
  7 spriggan simulacra
  3 arcanists
  A thermic dynamo (Elf:1)
  5 sun moths (Pan)
  6 deep elf archers
  8 swamp dragons
  A tengu zombie (Vaults:1)
  A harpy (shapeshifter) (D:15)
  18 ironbound convokers
  21 deep elf pyromancers
  8 lindwurms
  An alligator zombie (Crypt:2)
  6 harpies
  4 orc knights
  An obsidian bat (Orc:2)
  15 necromancers
  13 starcursed masses
  A lightning spire (Zot:4)
  20 deep elf zephyrmancers
  3 oklob plants
  A sun moth (shapeshifter) (Depths:3)
  A shadow dragon skeleton (Crypt:2)
  5 shining eyes
  6 orc sorcerers
  23 ugly things
  4 cyclopes
  A jorogumo skeleton (Crypt:2)
  2 manticores
  3 will-o-the-wisps
  The ghost of sychorax the Digger, a novice OpEE of Gozag (D:5)
  11 salamanders
  An eleionoma zombie (Crypt:2)
  17 moths of wrath
  2 human zombies
  A moth of wrath (shapeshifter) (Vaults:5)
  A human skeleton (Vaults:1)
  9 meliai
  3 elephants (Lair:2)
  5 worldbinders (Abyss:3)
  15 vault sentinels
  8 guardian serpents
  An apocalypse crab (Abyss:3)
  28 black mambas
  A black mamba (shapeshifter) (D:14)
  An eye of devastation (shapeshifter) (Depths:4)
  4 rust devils
  A centaur zombie (D:11)
  An eye of devastation (Slime:5)
  A titan simulacrum (Hell)
  A torpor snail (Lair:1)
  11 naga magi
  An ice statue (D:14)
  16 hellions (Pan)
  A torpor snail (shapeshifter) (Depths:3)
  41 smoke demons
  3 centaur skeletons
  A gargoyle (D:13)
  9 cane toads
  A dire elephant skeleton (Abyss:3)
  2 unseen horrors
  A swamp worm zombie (Crypt:1)
  2 yaktaur zombies
  An iron troll zombie (Crypt:1)
  4 efreet
  2 alligator snapping turtle skeletons (Crypt:2)
  2 kobold demonologists (D:10)
  An unseen horror (shapeshifter) (Vaults:4)
  4 tengu conjurers
  A komodo dragon (shapeshifter) (Elf:2)
  9 komodo dragons
  10 yaktaurs
  A golden dragon simulacrum (IceCv)
  13 freezing wraiths
  2 hydra zombies
  A spectral harpy (Crypt:3)
  3 ancient zymes (Abyss:3)
  3 anaconda simulacra (IceCv)
  A bloated husk (Swamp:3)
  14 ice devils
  6 trolls
  34 hellwings (Pan)
  6 polar bears
  3 queen bees
  8 tyrant leeches
  23 hornets
  8 glass eyes
  32 blink frogs
  4 alligator simulacra
  5 raiju
  13 wind drakes (Pan)
  Prince Ribbit (D:5)
  3 dream sheep (Lair:1)
  A frost giant simulacrum (Vaults:2)
  An ettin zombie (Hell)
  A meliai zombie (D:11)
  107 slime creatures
  3 shadows
  2 naga simulacra
  3 air elementals
  A centaur simulacrum (D:11)
  11 wraiths
  17 spriggans
  A vampire (Abyss:3)
  2 water elementals (Elf:3)
  7 wyverns
  3 wargs
  A basilisk (shapeshifter) (Elf:2)
  A yak (shapeshifter) (Vaults:5)
  32 yaks
  2 fire bats (Pan)
  An ettin skeleton (Vaults:2)
  10 basilisks
  5 ynoxinuls (Pan)
  2 dire elephant simulacra
  9 golden eyes
  A human simulacrum (Vaults:1)
  3 fire elementals
  A human (D:11)
  4 neqoxecs (Pan)
  5 chaos spawn
  6 minotaur simulacra
  2 redbacks (Vaults:4)
  2 spatial vortices (Abyss:3)
  12 swamp worms
  31 nagas
  2 harpy simulacra
  3 hydra simulacra (IceCv)
  10 water moccasins
  2 acid dragons
  3 hell hounds (Depths:4)
  24 orc warriors
  7 swamp drakes
  8 ice beasts
  A sky beast (D:8)
  5 black bears
  An ettin simulacrum (IceCv)
  21 laughing skulls
  10 ogres
  9 centaurs
  19 small abominations
  A snapping turtle skeleton (Crypt:1)
  A spectral cyclops (Orc:2)
  A boggart (Vaults:1)
  9 wolves
  A draconian zombie (Crypt:2)
  7 kobold brigands
  A swamp dragon skeleton (Crypt:1)
  2 elf zombies (Elf:1)
  13 bullfrogs
  4 weeping skulls
  A brain worm (Abyss:3)
  A brain worm (shapeshifter) (Abyss:3)
  2 gnoll sergeants
  10 deep troll simulacra (IceCv)
  2 earth elementals
  A scorpion (D:4)
  4 burial acolytes (Crypt:3)
  3 wights (Abyss:3)
  2 lindwurm simulacra (Snake:2)
  24 killer bees
  10 howler monkeys
  2 crimson imps
  3 lava snakes (Lair:3)
  3 hounds
  3 jellies
  Crazy Yiuf (D:3)
  33 orc priests
  An iron imp (Abyss:3)
  A sleepcap (D:6)
  A black bear skeleton (Crypt:1)
  2 spectral orcs (Orc:2)
  Natasha (D:3)
  3 iguanas
  33 orc wizards
  An acid dragon skeleton (Crypt:1)
  22 gnolls
  An orc zombie (D:8)
  5 adders
  3 white imps
  3 orc simulacra (Orc:2)
  2 ufetubi
  A dart slug (D:1)
  2 ribbon worms
  89 orcs
  7 ball pythons
  3 bats
  7 endoplasms
  4 giant cockroaches
  12 goblins
  9 hobgoblins
  6 jackals
  4 quokkas
  A ball python skeleton (Crypt:1)
  A frilled lizard (D:1)
  2 frilled lizard skeletons (Crypt:2)
  A goblin zombie (Crypt:1)
  20 kobolds
  6 rats
  3 aspiring fleshes (Zot:1)
  2 ball lightnings (Pan)
  A lurking horror (Abyss:3)
  3 starspawn tentacles (Abyss:4)
2739 creatures vanquished.

Vanquished Creatures (collateral kills)
  Lom Lobon (Pan)
  Boris (Crypt:2)
  A caustic shrike (Depths:4)
  Geryon (Hell)
  A titan (Vaults:5)
  A nagaraja (Snake:4)
  A very ugly thing (Depths:2)
  A black draconian (Zot:2)
  2 dire elephants (Vaults:1)
  A blizzard demon (Hell)
  A deep troll earth mage (Vaults:5)
  2 naga sharpshooters (Snake:4)
  A skyshark (shapeshifter) (Vaults:5)
  A flayed ghost (Crypt:2)
  A phantasmal warrior (Vaults:5)
  A deep elf zephyrmancer (Elf:1)
  An elephant (Lair:2)
  2 smoke demons (Pan)
  4 slime creatures
  A wyvern (Lair:1)
  A spriggan (Swamp:2)
  Grum (D:11)
  A naga (Snake:4)
  An orc warrior (D:11)
  2 wolves (D:11)
  An orc priest (D:11)
  An iguana (D:8)
  An orc wizard (D:8)
  4 orcs
  A giant cockroach (D:4)
  A ball lightning (Pan)
41 creatures vanquished.

Vanquished Creatures (others)
  A lich (Pan)
  5 eldritch tentacles
  A shadow dragon (Zot:1)
  A storm dragon (Pan)
  A stone giant (Vaults:5)
  A bunyip (Swamp:1)
  A lorocyproca (Depths:4)
  A blizzard demon (Pan)
  A jiangshi (Crypt:2)
  A vault guard (Vaults:5)
  3 dancing weapons
  An occultist (Abyss:3)
  2 glowing orange brains (Pan)
  A deep elf archer (Elf:1)
  A sun moth (Pan)
  A bunyip skeleton (Hell)
  An ironbound convoker (Vaults:3)
  A necromancer (Hell)
  A harpy (Vaults:4)
  An oklob plant (Lair:3)
  A guardian serpent (Snake:4)
  A smoke demon (Pan)
  A hellion (Pan)
  3 wind drakes (Pan)
  3 bloated husks
  A blink frog (Lair:3)
  A shadow (Abyss:4)
  A ynoxinul (Pan)
  2 yaks
  A naga zombie (Hell)
  A swamp drake (Swamp:1)
  A wight (Abyss:3)
  A howler monkey zombie (D:5)
  A lava snake zombie (Lair:3)
  4 orcs
  21 ball lightnings (Pan)
  16 foxfires
  A lurking horror (Abyss:4)
  3 starspawn tentacles
91 creatures vanquished.

Grand Total: 2871 creatures vanquished

Notes
Turn   | Place    | Note
-------+----------+-------------------------------------------
     0 | D:1      | Xavori the Djinni Chaos Knight began the quest for the Orb.
     0 | D:1      | Reached XP level 1. HP: 20/20 MP: 0/0
   139 | D:1      | Reached XP level 2. HP: 25/25 MP: 0/0
   211 | D:1      | XOM: smoke on damage
   525 | D:1      | Reached XP level 3. HP: 30/30 MP: 0/0
   525 | D:1      | Learned a level 1 spell: Necrotise
   545 | D:1      | Reached skill level 1 in Spellcasting
   545 | D:1      | Reached skill level 1 in Conjurations
   545 | D:1      | Reached skill level 1 in Hexes
   545 | D:1      | Reached skill level 1 in Summonings
   545 | D:1      | Reached skill level 1 in Necromancy
   545 | D:1      | Reached skill level 1 in Translocations
   545 | D:1      | Reached skill level 1 in Fire Magic
   545 | D:1      | Reached skill level 1 in Ice Magic
   545 | D:1      | Reached skill level 1 in Air Magic
   545 | D:1      | Reached skill level 1 in Earth Magic
   545 | D:1      | Reached skill level 1 in Alchemy
   599 | D:1      | XOM: silly message
   687 | D:1      | XOM: cloud trail
   770 | D:1      | XOM: divination: detect items
   796 | D:1      | XOM: silly message
   974 | D:1      | XOM: silly message
  1093 | D:1      | XOM: noise
  1108 | D:1      | XOM: divination: magic mapping
  2315 | D:1      | XOM: give mutations
  2315 | D:1      | Gained mutation: You sometimes lose your temper in combat.
                  | [Xom's mischief]
  2315 | D:1      | Lost mutation: You sometimes lose your temper in combat.
                  | [Xom's mischief]
  2315 | D:1      | Gained mutation: Your movements are slightly less
                  | encumbered by armour. (ER -2) [Xom's mischief]
  2662 | D:1      | XOM: god gift: scale mail {god gift}
  2885 | D:1      | XOM is BORED!
  3092 | D:1      | XOM: summons 1 hostile shadow creature
  3793 | D:1      | XOM: summons 4 hostile shadow creatures
  3803 | D:2      | XOM: cloud trail
  4791 | D:1      | XOM: cloud trail
  5285 | D:1      | XOM: scenery: create altars
  5562 | D:1      | XOM: god gift: silver javelin
  6439 | D:1      | XOM: scenery: create altars
  6622 | D:1      | XOM: give mutations
  6622 | D:1      | Gained mutation: You have a pair of small antennae on your
                  | head. [Xom's grace]
  6622 | D:1      | Gained mutation: You are partially covered in iridescent
                  | scales. (AC +2) [Xom's grace]
  6622 | D:1      | Gained mutation: You are mostly covered in iridescent
                  | scales. (AC +4) [Xom's grace]
  6622 | D:1      | Gained mutation: You expend health (3 HP) to strengthen
                  | your wands. [Xom's grace]
  6651 | D:2      | XOM: cloud trail
  6791 | D:2      | Found a faded altar of an unknown god.
  6865 | D:2      | Reached XP level 4. HP: 35/35 MP: 0/0
  7175 | D:2      | XOM: scenery: summon butterflies
  7616 | D:3      | Found an opulent altar of Gozag.
  7651 | D:3      | Noticed Terence
  7652 | D:3      | XOM: 4-stop teleportation journey
  7765 | D:3      | Identified the +5 sling of Qechel {heavy, rF+}
  7824 | D:3      | Found a glowing golden altar of the Shining One.
  7888 | D:3      | XOM: give mutations
  7888 | D:3      | Gained mutation: Your muscles are strong. (Str +4, Int/Dex
                  | -1) [Xom's grace]
  7888 | D:3      | Gained mutation: You are strong-willed. (Will+) [Xom's
                  | grace]
  7901 | D:3      | XOM: give mutations
  7901 | D:3      | Gained mutation: You are robust. (+10% HP) [Xom's grace]
  7901 | D:3      | Gained mutation: Your flesh is almost immune to the effects
                  | of heat. (rF+++) [Xom's grace]
  7901 | D:3      | Gained mutation: You have a somewhat thin skeletal
                  | structure. (Dex +2, Stealth+) [Xom's grace]
  7901 | D:3      | Gained mutation: You have hidden genetic potential. [Xom's
                  | grace]
  7963 | D:3      | Noticed Natasha
  7972 | D:3      | Killed Natasha
  7973 | D:3      | Reached XP level 5. HP: 44/44 MP: 0/0
  7973 | D:3      | Learned a level 2 spell: Jinxbite
  7984 | D:3      | XOM: stat loss: -1 Str (14/15)
  8097 | D:3      | XOM: scenery: 2 doors open, 3 doors close
  8123 | D:3      | Found a runed translucent door.
  8124 | D:3      | Noticed Crazy Yiuf
  8154 | D:3      | Noticed a kobold brigand
  8156 | D:3      | XOM: confuse monster(s)
  8157 | D:3      | Found a hazy altar of Hepliaklqana.
  8159 | D:3      | Found a faded altar of an unknown god.
  8166 | D:3      | Killed a kobold brigand
  8167 | D:3      | Reached skill level 2 in Ice Magic
  8172 | D:3      | XOM: give mutations
  8172 | D:3      | Gained mutation: You are completely covered in iridescent
                  | scales. (AC +6) [Xom's grace]
  8172 | D:3      | Gained mutation: You have a pair of antennae on your head.
                  | [Xom's grace]
  8172 | D:3      | Gained mutation: You are agile. (Dex +4, Str/Int -1) [Xom's
                  | grace]
  8174 | D:3      | Gained mutation: You are very agile. (Dex +8, Str/Int -2)
                  | [hidden potential]
  8214 | D:3      | Killed Crazy Yiuf
  8215 | D:3      | Reached XP level 6. HP: 41/51 MP: 0/0
  8363 | D:4      | XOM: enchant monster (good)
  8376 | D:4      | Reached XP level 7. HP: 57/57 MP: 0/0
  8376 | D:4      | Learned a level 3 spell: Sigil of Binding
  8383 | D:4      | Reached skill level 3 in Ice Magic
  8472 | D:4      | Found a transporter.
  8472 | D:4      | Noticed yleetSyT's ghost (amateur DEFE)
  8473 | D:4      | Found a transporter.
  8559 | D:4      | Gained mutation: You are highly strong-willed. (Will++)
                  | [hidden potential]
  8559 | D:4      | Lost mutation: You have hidden genetic potential. [hidden
                  | potential expressed]
  8829 | D:5      | Entered Level 5 of the Dungeon
  8829 | D:5      | Noticed Prince Ribbit
  8833 | D:5      | XOM: enchant monster (bad)
  8839 | D:5      | XOM: give mutations
  8839 | D:5      | Gained mutation: Your mind is acute. (Int +4, Str/Dex -1)
                  | [Xom's grace]
  8839 | D:5      | Gained mutation: You are resistant to electric shocks.
                  | (rElec) [Xom's grace]
  8839 | D:5      | Gained mutation: You are somewhat resistant to further
                  | mutation. [Xom's grace]
  8853 | D:5      | Killed Prince Ribbit
  8854 | D:5      | Reached XP level 8. HP: 63/63 MP: 0/0
  8870 | D:5      | Found Hepsysh's Magic Scroll Emporium.
  8877 | D:5      | Bought a scroll of enchant weapon for 105 gold pieces
  8877 | D:5      | Bought a scroll of teleportation for 42 gold pieces
  8877 | D:5      | Bought a scroll of identify for 28 gold pieces
  9344 | D:5      | Found a burning altar of Makhleb.
  9344 | D:5      | Found a shimmering altar of Xom.
  9454 | D:5      | Found Zeysuy's General Store.
  9458 | D:5      | Bought a scroll of teleportation for 36 gold pieces
  9458 | D:5      | Found a large runed translucent door.
  9459 | D:5      | Found a large runed translucent door.
  9464 | D:5      | Noticed sychorax's ghost (novice OpEE)
  9483 | D:5      | Killed sychorax's ghost
  9484 | D:5      | Reached skill level 5 in Fighting
  9484 | D:5      | Reached skill level 4 in Ice Magic
  9542 | D:5      | XOM: silly message
  9560 | D:6      | Reached skill level 5 in Dodging
  9560 | D:6      | Reached XP level 9. HP: 45/71 MP: 0/0
  9560 | D:6      | Learned a level 4 spell: Cause Fear
  9650 | D:6      | XOM: potion effect (attraction)
  9653 | D:6      | Reached skill level 5 in Spellcasting
  9653 | D:6      | Reached skill level 5 in Conjurations
  9653 | D:6      | Reached skill level 5 in Hexes
  9653 | D:6      | Reached skill level 5 in Summonings
  9653 | D:6      | Reached skill level 5 in Necromancy
  9653 | D:6      | Reached skill level 5 in Translocations
  9653 | D:6      | Reached skill level 5 in Fire Magic
  9653 | D:6      | Reached skill level 5 in Ice Magic
  9653 | D:6      | Reached skill level 5 in Air Magic
  9653 | D:6      | Reached skill level 5 in Earth Magic
  9653 | D:6      | Reached skill level 5 in Alchemy
  9655 | D:6      | XOM: silly message
  9687 | D:6      | Found a staircase to the Ecumenical Temple.
  9793 | D:6      | Reached skill level 5 in Long Blades
  9863 | D:6      | XOM: silly message
  9993 | D:6      | XOM: silly message
 10406 | D:7      | XOM: noise
 10408 | D:7      | XOM: smoke on damage
 10507 | D:7      | XOM: scenery: 1 doors open
 10829 | D:7      | Found a flagged portal.
 10834 | D:7      | XOM: scenery: 1 doors close
 10850 | Bailey   | Entered a bailey
 11010 | Bailey   | Noticed an orc knight
 11042 | Bailey   | XOM: scenery: 8 doors close
 11045 | Bailey   | XOM: destruction
 11047 | Bailey   | XOM: smoke on damage
 11055 | Bailey   | Killed an orc knight
 11056 | Bailey   | Reached skill level 5 in Armour
 11056 | Bailey   | Reached skill level 1 in Evocations
 11253 | D:7      | XOM: silly message
 11560 | D:8      | Found a staircase to the Lair.
 11571 | D:8      | XOM: cast spell 'Leda's Liquefaction'
 11575 | D:8      | Reached XP level 10. HP: 79/79 MP: 0/0
 11625 | D:8      | XOM: confusion
 11835 | D:8      | XOM: enchant monster (bad)
 11836 | D:8      | XOM: confusion (+ monsters)
 11858 | D:8      | XOM: blink monster(s)
 11863 | D:8      | Reached skill level 6 in Ice Magic
 11916 | D:8      | XOM: enchant monster (bad)
 12148 | D:8      | XOM: summons 3 hostile shadow creatures
 12571 | D:9      | Identified the +0 leather armour of the Clam {Stlth+}
 12723 | D:9      | XOM: enchant monster (bad)
 12795 | D:9      | XOM: give mutations
 12795 | D:9      | Lost mutation: You expend health (3 HP) to strengthen your
                  | wands. [Xom's mischief]
 12795 | D:9      | Lost mutation: You are highly strong-willed. (Will++)
                  | [Xom's mischief]
 12795 | D:9      | Lost mutation: You have a pair of antennae on your head.
                  | [Xom's mischief]
 12817 | D:9      | XOM: confuse monster(s)
 13333 | D:10     | Entered Level 10 of the Dungeon
 13394 | D:10     | XOM: enchant monster (good)
 13430 | D:10     | Reached XP level 11. HP: 82/85 MP: 0/0
 13430 | D:10     | Learned a level 4 spell: Dimensional Bullseye
 13526 | D:10     | You are sucked into a shaft and drop 2 floors!
 13526 | D:12     | XOM: noise
 13553 | D:11     | Noticed a brown ugly thing
 13613 | D:10     | XOM: cast spell 'Summon Ice Beast'
 13694 | D:10     | XOM: potion effect (might)
 13701 | D:10     | XOM: silly message
 13713 | D:10     | Reached skill level 7 in Ice Magic
 13717 | D:10     | XOM: potion effect (might)
 13719 | D:10     | XOM: potion effect (haste)
 13787 | D:10     | Found Vink's General Store.
 13850 | D:10     | XOM: potion effect (attraction)
 14214 | D:11     | XOM: cast spell 'Summon Ice Beast'
 14287 | D:11     | XOM: potion effect (haste)
 14311 | D:11     | XOM: divination: magic mapping
 14343 | D:11     | XOM: silly message
 14397 | D:11     | Killed a red ugly thing
 14414 | D:11     | XOM: scenery: summon butterflies
 14443 | D:11     | XOM: blink monster(s)
 14603 | D:11     | Found a staircase to the Orcish Mines.
 14603 | D:11     | XOM: 3-stop teleportation journey
 14625 | D:11     | Reached skill level 5 in Evocations
 14680 | D:11     | Reached XP level 12. HP: 94/94 MP: 0/0
 14690 | D:11     | Noticed Grum
 14696 | D:11     | Killed Grum
 14844 | D:11     | Noticed a two-headed ogre
 14854 | D:11     | XOM: fog
 14868 | D:11     | XOM: fog
 14871 | D:11     | XOM: cleaving
 14877 | D:11     | Killed a two-headed ogre
 14920 | D:11     | XOM: polymorph yak -> blink frog
 14990 | D:11     | Identified the +0 scale mail of Inviolability {rC+}
 15115 | D:10     | Bought a potion of attraction for 39 gold pieces
 15115 | D:10     | Bought a scroll of identify for 26 gold pieces
 15215 | Lair:1   | Entered Level 1 of the Lair of Beasts
 15251 | Lair:1   | XOM: destruction
 15278 | Lair:1   | XOM: fake destruction
 15280 | Lair:1   | Reached skill level 8 in Ice Magic
 15445 | Lair:1   | XOM: summons friendly shadow imp
 15513 | Lair:1   | XOM: confuse monster(s)
 15518 | Lair:1   | XOM: fog
 15520 | Lair:1   | XOM: cast spell 'Iskenderun's Battlesphere'
 15578 | Lair:1   | XOM: divination: detect items
 15594 | Lair:1   | XOM: summons 2 hostile shadow creatures
 15641 | Lair:1   | Reached skill level 10 in Long Blades
 15703 | Lair:1   | XOM: potion effect (haste)
 15721 | Lair:1   | XOM: cloud trail
 15777 | Lair:1   | XOM: scenery: 1 doors open
 16152 | Lair:1   | Reached XP level 13. HP: 103/103 MP: 0/0
 16152 | Lair:1   | Learned a level 5 spell: Freezing Cloud
 16284 | Lair:2   | XOM: cast spell 'Malign Gateway'
 16285 | Lair:2   | XOM: blink monster(s)
 16940 | Lair:2   | XOM: give mutations
 16940 | Lair:2   | Gained mutation: You possess an exceptional clarity of
                  | mind. [Xom's grace]
 16940 | Lair:2   | Gained mutation: Your muscles are very strong. (Str +8,
                  | Int/Dex -2) [Xom's grace]
 16940 | Lair:2   | Gained mutation: You are very robust. (+20% HP) [Xom's
                  | grace]
 16954 | Lair:2   | XOM: god gift: long sword {god gift}
 16993 | Lair:3   | XOM: enchant monster (good)
 17005 | Lair:3   | Found a staircase to the Swamp.
 17020 | Lair:3   | XOM: butterfly on damage
 17023 | Lair:3   | Reached skill level 9 in Ice Magic
 17088 | Lair:3   | Identified the +0 pair of gloves of Loss {Str+3 Int+3
                  | Slay-2}
 17160 | Lair:3   | XOM: destruction
 17165 | Lair:3   | XOM: cleaving
 17168 | Lair:3   | XOM: give mutations
 17168 | Lair:3   | Gained mutation: You are extremely robust. (+30% HP) [Xom's
                  | grace]
 17175 | Lair:3   | XOM: potion effect (berserk rage)
 17312 | Lair:3   | Found a staircase to the Snake Pit.
 17317 | Lair:3   | XOM: confuse monster(s)
 17349 | Lair:3   | Identified the +7 orcbow "Ogreslayer" {flame, Str+3 Int+2
                  | Dex-5}
 17369 | Lair:3   | XOM: 4-stop teleportation journey
 17471 | Lair:3   | Reached skill level 10 in Dodging
 17472 | Lair:3   | XOM: scenery: create altars
 17473 | Lair:3   | XOM: divination: magic mapping
 17878 | Lair:3   | XOM: scenery: create altars
 17904 | Lair:3   | XOM: destruction
 18082 | Lair:4   | XOM: cast spell 'Summon Hydra'
 18170 | Lair:4   | Noticed a five-headed hydra
 18172 | Lair:4   | XOM: divination: magic mapping
 18175 | Lair:4   | XOM: cleaving
 18181 | Lair:4   | Killed a five-headed hydra
 18230 | Lair:4   | XOM: scenery: create altars
 18304 | Lair:4   | XOM: give mutations
 18304 | Lair:4   | Gained mutation: Your mind is very acute. (Int +8, Str/Dex
                  | -2) [Xom's grace]
 18304 | Lair:4   | Gained mutation: You have sharp fingernails. [Xom's grace]
 18534 | Lair:4   | Noticed an eight-headed hydra
 18542 | Lair:4   | Killed an eight-headed hydra
 18642 | Lair:4   | XOM: divination: detect creatures
 18802 | Lair:5   | Entered Level 5 of the Lair of Beasts
 18816 | Lair:5   | Reached XP level 14. HP: 107/132 MP: 0/0
 18939 | Lair:5   | XOM: 1-stop teleportation journey
 18945 | Lair:5   | Found a transporter.
 18945 | Lair:5   | Noticed AutarchDCSS's ghost (journeyman OnAl)
 18948 | Lair:5   | Found a transporter.
 18964 | Lair:5   | XOM: enchant monster (bad)
 19026 | Lair:5   | Found a staircase to the Slime Pits.
 19030 | Lair:5   | Found a viscous altar of Jiyva.
 19483 | Lair:5   | XOM: enchant monster (good)
 19616 | Lair:5   | Reached skill level 10 in Fighting
 19621 | Lair:5   | XOM: scenery: create altars
 19806 | Lair:5   | XOM: god gift: 23 gold pieces
 19864 | Lair:5   | XOM: polymorph smoke demon -> crimson imp
 19890 | Lair:5   | XOM: confuse monster(s)
 19929 | Lair:5   | XOM: god gift: scroll of enchant armour
 20095 | Lair:5   | Reached skill level 10 in Spellcasting
 20095 | Lair:5   | Reached skill level 10 in Conjurations
 20095 | Lair:5   | Reached skill level 10 in Hexes
 20095 | Lair:5   | Reached skill level 10 in Summonings
 20095 | Lair:5   | Reached skill level 10 in Necromancy
 20095 | Lair:5   | Reached skill level 10 in Translocations
 20095 | Lair:5   | Reached skill level 10 in Fire Magic
 20095 | Lair:5   | Reached skill level 10 in Ice Magic
 20095 | Lair:5   | Reached skill level 10 in Air Magic
 20095 | Lair:5   | Reached skill level 10 in Earth Magic
 20095 | Lair:5   | Reached skill level 10 in Alchemy
 20196 | Lair:5   | XOM: divination: detect items
 20275 | Lair:5   | XOM: fake destruction
 20340 | Lair:5   | XOM: god gift: 5 boomerangs
 20611 | Lair:5   | Found a corrupted altar of Lugonu.
 20611 | Lair:5   | Found a one-way gate to the infinite horrors of the Abyss.
 20754 | Lair:1   | XOM: 3-stop teleportation journey
 20861 | Orc:1    | Entered Level 1 of the Orcish Mines
 20933 | Orc:1    | XOM: polymorph red devil -> white imp
 21075 | Orc:1    | Reached skill level 10 in Armour
 21086 | Orc:1    | XOM: enchant monster (good)
 21106 | Orc:1    | XOM: god gift: 13 gold pieces
 21152 | Orc:1    | XOM: scenery: create altars
 21277 | Orc:1    | Identified a scroll of acquirement
 21278 | Orc:1    | Acquired the +8 double sword "Ecamuow" {freeze, rF+ rC+
                  | Int+3 Dex+3}
 21299 | Orc:2    | Entered Level 2 of the Orcish Mines
 21332 | Orc:1    | XOM: summons friendly ufetubus
 21338 | Orc:1    | XOM: polymorph ufetubus -> cerulean imp
 21575 | Orc:2    | XOM: silly message
 21609 | Orc:2    | Reached XP level 15. HP: 140/141 MP: 0/0
 21609 | Orc:2    | Learned a level 6 spell: Death Channel
 21615 | Orc:2    | Found a runed translucent gate.
 21625 | Orc:2    | Found a runed translucent gate.
 21626 | Orc:2    | Found a runed translucent gate.
 21630 | Orc:2    | Noticed octoduck's ghost (journeyman MDFi)
 21652 | Orc:2    | XOM: cast spell 'Fugue of the Fallen'
 21655 | Orc:2    | XOM: cast spell 'Fugue of the Fallen'
 21669 | Orc:2    | XOM: cast spell 'Fugue of the Fallen'
 21671 | Orc:2    | XOM: divination: detect items
 21691 | Orc:2    | Reached skill level 1 in Shapeshifting
 21762 | Orc:2    | Found Ziyzex's Antique Weapon Boutique.
 21762 | Orc:2    | Found Cemel's Armour Shop.
 21767 | Orc:2    | Found Zuagg's Antique Armour Shop.
 21769 | Orc:2    | Found Myotz's General Store.
 21786 | Orc:2    | Bought a potion of curing for 39 gold pieces
 21788 | Orc:2    | Bought the +5 Storm Queen's Shield {shock, Fly rElec} for
                  | 684 gold pieces
 21788 | Orc:2    | Found the +5 Storm Queen's Shield {shock, Fly rElec}
 21927 | Orc:2    | XOM: silly message
 21943 | Orc:2    | Found a staircase to the Elven Halls.
 22005 | Orc:2    | Noticed an orc warlord
 22010 | Orc:2    | XOM: cast spell 'Cause Fear'
 22022 | Orc:2    | Killed an orc warlord
 22034 | Orc:2    | Reached skill level 1 in Shields
 22041 | Orc:2    | XOM: cloud trail
 22182 | Orc:2    | Killed octoduck's ghost
 22261 | D:11     | XOM: divination: magic mapping
 22386 | Swamp:1  | Entered Level 1 of the Swamp
 22476 | Swamp:1  | XOM: noise
 22635 | Swamp:1  | XOM: divination: detect items
 22870 | Swamp:1  | XOM: enchant monster (good)
 23129 | Swamp:2  | XOM: summons 4 friendly demons
 23159 | Swamp:2  | XOM: summons friendly shadow imp
 23204 | Swamp:2  | XOM: god gift: 2 scrolls of enchant weapon
 23217 | Swamp:2  | Reached XP level 16. HP: 150/150 MP: 0/0
 23218 | Swamp:2  | XOM: summons friendly crimson imp
 23315 | Swamp:2  | XOM: fog
 23518 | Swamp:2  | XOM: cloud trail
 23688 | Swamp:3  | Reached skill level 5 in Shields
 23764 | Swamp:3  | XOM: enchant monster (bad)
 23765 | Swamp:3  | XOM: enchant monster (bad)
 23788 | Swamp:3  | XOM: noise
 23910 | Swamp:3  | Reached skill level 11 in Ice Magic
 24044 | Swamp:3  | XOM: noise
 24208 | Swamp:3  | XOM: silly message
 24217 | Swamp:3  | XOM: scenery: create altars
 24271 | Swamp:4  | Entered Level 4 of the Swamp
 24272 | Swamp:4  | XOM: confuse monster(s)
 24313 | Swamp:4  | XOM: fake destruction
 24322 | Swamp:4  | Reached skill level 10 in Evocations
 24323 | Swamp:4  | XOM: fog
 24325 | Swamp:4  | XOM: polymorph swamp drake -> hobgoblin
 24466 | Swamp:4  | Noticed a fenstrider witch
 24469 | Swamp:4  | XOM: destruction
 24511 | Swamp:4  | Noticed the 27-headed Lernaean hydra
 24518 | Swamp:4  | XOM: enchant monster (good)
 24538 | Swamp:3  | XOM: give mutations
 24538 | Swamp:3  | Lost mutation: You are resistant to electric shocks.
                  | (rElec) [Xom's mischief]
 24538 | Swamp:3  | Lost mutation: Your flesh is almost immune to the effects
                  | of heat. (rF+++) [Xom's mischief]
 24583 | Swamp:3  | XOM: summons 8 hostile demons
 24597 | Swamp:3  | Killed the 26-headed Lernaean hydra
 24718 | Swamp:3  | Paralysed by a fenstrider witch for 5 turns
 24720 | Swamp:3  | XOM: summons friendly shadow imp
 24723 | Swamp:3  | Killed a fenstrider witch
 24724 | Swamp:3  | Reached XP level 17. HP: 78/159 MP: 0/0
 24724 | Swamp:3  | Learned a level 7 spell: Malign Gateway
 24725 | Swamp:3  | XOM: noise
 24905 | Swamp:4  | XOM: noise
 24915 | Swamp:4  | XOM: scenery: create altars
 24932 | Swamp:4  | XOM: scenery: summon butterflies
 24990 | Swamp:4  | XOM: give mutations
 24990 | Swamp:4  | Gained mutation: Your skin changes colour to match your
                  | surroundings (Stealth+). [Xom's grace]
 24990 | Swamp:4  | Gained mutation: You are somewhat resistant to both further
                  | mutation and mutation removal. [Xom's grace]
 25095 | Swamp:4  | Got a decaying rune of Zot
 25186 | Swamp:4  | XOM: scenery: create altars
 25315 | Snake:1  | Entered Level 1 of the Snake Pit
 25376 | Snake:1  | XOM: silly message
 25481 | Snake:1  | XOM: enchant monster (good)
 25512 | Snake:1  | Found a glowing silver altar of Zin.
 25568 | Snake:1  | XOM: enchant monster (bad)
 25574 | Snake:1  | XOM: chaos upgrade
 25584 | Snake:1  | XOM: god gift: chain mail {god gift}
 25673 | Snake:1  | Found Vocu's Assorted Antiques.
 25676 | Snake:1  | Bought a wand of light (4) for 453 gold pieces
 25684 | Snake:1  | XOM: 9-stop teleportation journey
 25728 | Snake:1  | Found Cileil's Book Emporium.
 26032 | Snake:2  | XOM: destruction
 26074 | Snake:2  | XOM: confuse monster(s)
 26107 | Snake:2  | XOM: chaos cloud
 26122 | Snake:2  | Found a glacial archway.
 26157 | IceCv    | Entered an ice cave
 26303 | IceCv    | XOM: noise
 26437 | IceCv    | Reached skill level 5 in Shapeshifting
 26503 | IceCv    | XOM: confuse monster(s)
 26517 | IceCv    | XOM: confuse monster(s)
 26591 | IceCv    | XOM: potion effect (haste)
 26622 | IceCv    | XOM: enchant monster (good)
 26874 | IceCv    | Reached XP level 18. HP: 160/169 MP: 0/0
 27234 | Snake:2  | Found an iron altar of Okawaru.
 27286 | Snake:2  | You are sucked into a shaft and drop 1 floor!
 27296 | Snake:3  | XOM: 1-stop teleportation journey
 27328 | Snake:3  | XOM: destruction
 27397 | Snake:3  | XOM: give mutations
 27397 | Snake:3  | Gained mutation: You expend health (3 HP) to strengthen
                  | your wands. [Xom's grace]
 27397 | Snake:3  | Gained mutation: You are covered in fur. (AC +1) [Xom's
                  | grace]
 27397 | Snake:3  | Gained mutation: Your flesh is almost immune to the effects
                  | of heat. (rF+++) [Xom's grace]
 27540 | Snake:3  | XOM: fog
 27559 | Snake:3  | XOM: fog
 27561 | Snake:3  | Reached skill level 12 in Ice Magic
 27572 | Snake:3  | XOM: summons friendly ufetubus
 27762 | Snake:3  | Found Cuiqep's Book Boutique.
 27764 | Snake:3  | Found Pokhli's Armour Shop.
 27764 | Snake:3  | Found Luxopt's Weapon Boutique.
 27769 | Snake:3  | Found Atanuaw's Antique Weapon Shop.
 27826 | Snake:3  | Found Otil's Antique Armour Emporium.
 28134 | Snake:4  | Entered Level 4 of the Snake Pit
 28134 | Snake:4  | Noticed Asterion
 28136 | Snake:4  | Noticed an Executioner
 28198 | Snake:4  | XOM: 1-stop teleportation journey
 28248 | Snake:4  | XOM: enchant monster (bad)
 28253 | Snake:4  | Killed Asterion
 28343 | Snake:4  | XOM: polymorph naga -> fire crab
 28345 | Snake:4  | XOM: silly message
 28351 | Snake:4  | XOM: summons 7 hostile demons
 28352 | Snake:4  | XOM: polymorph ufetubus -> iron imp
 28603 | Snake:4  | XOM: scenery: summon butterflies
 28605 | Snake:4  | XOM: silly message
 28622 | Snake:4  | XOM: cast spell 'Disjunction'
 28713 | Snake:4  | XOM: scenery: create altars
 28715 | Snake:4  | Noticed Vashnia
 28715 | Snake:4  | XOM: 7-stop teleportation journey
 28725 | Snake:4  | XOM: divination: magic mapping
 28810 | Snake:4  | XOM: cast spell 'Disjunction'
 28947 | Snake:4  | XOM: summons friendly iron imp
 28981 | Snake:4  | Reached skill level 10 in Shields
 28983 | Snake:4  | Reached skill level 13 in Ice Magic
 28989 | Snake:4  | XOM: enchant monster (bad)
 29081 | Snake:4  | Reached XP level 19. HP: 178/178 MP: 0/0
 29081 | Snake:4  | Learned a level 6 spell: Permafrost Eruption
 29091 | Snake:4  | Got a jade gem with 0 turns to spare
 29104 | Snake:4  | Got a serpentine rune of Zot
 29203 | Snake:4  | XOM: give mutations
 29203 | Snake:4  | Lost mutation: Your muscles are very strong. (Str +8,
                  | Int/Dex -2) [Xom's mischief]
 29203 | Snake:4  | Lost mutation: You are extremely robust. (+30% HP) [Xom's
                  | mischief]
 29203 | Snake:4  | Lost mutation: You are very agile. (Dex +8, Str/Int -2)
                  | [Xom's mischief]
 29210 | Snake:4  | Identified the serpent talisman "Jeudeni" {rF+ Str-4 Dex+5}
 29210 | Snake:4  | Noticed Aizul
 29217 | Snake:4  | XOM: smoke on damage
 29223 | Snake:4  | Killed Aizul
 29286 | Snake:4  | XOM: enchant monster (bad)
 29288 | Snake:4  | XOM: enchant monster (bad)
 29309 | Snake:4  | Killed Vashnia
 30015 | D:12     | XOM: 8-stop teleportation journey
 30806 | D:13     | Found a gate to the Vaults.
 30813 | D:13     | XOM: enchant monster (bad)
 31325 | D:14     | Noticed Josephine
 31338 | D:14     | XOM: smoke on damage
 31339 | D:14     | Killed Josephine
 31347 | D:14     | XOM: give mutations
 31347 | D:14     | Lost mutation: You are completely covered in iridescent
                  | scales. (AC +6) [Xom's mischief]
 31347 | D:14     | Lost mutation: Your flesh is almost immune to the effects
                  | of heat. (rF+++) [Xom's mischief]
 31347 | D:14     | Lost mutation: Your mind is very acute. (Int +8, Str/Dex
                  | -2) [Xom's mischief]
 31402 | D:14     | Found Ynugruss's Fire Supplies.
 31487 | D:14     | XOM: 1-stop teleportation journey
 31701 | D:14     | XOM: 1-stop teleportation journey
 31794 | D:14     | Noticed Snorg
 31801 | D:14     | XOM: summons friendly quasit
 31804 | D:14     | Killed Snorg
 31805 | D:14     | Reached skill level 14 in Ice Magic
 31989 | D:14     | Found a large runed translucent door.
 31989 | D:14     | Found a large runed translucent door.
 31991 | D:14     | Noticed Dunag's ghost (journeyman MiFi)
 32131 | D:14     | XOM: give mutation
 32131 | D:14     | Gained mutation: You have a pair of antennae on your head.
                  | [Xom's grace]
 32305 | D:14     | Killed Dunag's ghost
 32339 | D:15     | Entered Level 15 of the Dungeon
 32425 | D:15     | Found Piruen's Antique Weapon Emporium.
 32425 | D:15     | XOM: 5-stop teleportation journey
 32471 | D:15     | XOM: scenery: create altars
 32505 | D:15     | XOM: confuse monster(s)
 32612 | D:15     | Found a staircase to the Depths.
 32745 | D:15     | XOM: 3-stop teleportation journey
 32935 | D:15     | Found a blossoming altar of Fedhas.
 32986 | D:15     | XOM: summons 5 hostile demons
 33176 | Vaults:1 | Entered Level 1 of the Vaults
 33178 | Vaults:1 | XOM: polymorph ironbound preserver -> sea snake
 33179 | Vaults:1 | XOM: repel stairs
 33195 | Vaults:1 | Reached XP level 20. HP: 56/172 MP: 0/0
 33466 | Vaults:1 | XOM: scenery: create altars
 33478 | Vaults:1 | XOM: summons 11 friendly demons
 33485 | Vaults:1 | XOM: smoke on damage
 33990 | Vaults:1 | XOM: summons 16 friendly demons
 34060 | Vaults:1 | XOM: scenery: 1 doors close
 34126 | Vaults:1 | XOM: fog
 34135 | Vaults:1 | XOM: scenery: summon butterflies
 34141 | Vaults:1 | XOM: summons 11 hostile demons
 34269 | Vaults:1 | XOM: confuse monster(s)
 34483 | Vaults:1 | Upgraded the game from 0.32-a0-791-gfc315c9ecd to
                  | 0.32-a0-799-g95e1662365
 34565 | Vaults:2 | XOM: polymorph vault warden -> red very ugly thing
 34579 | Vaults:2 | Reached skill level 15 in Ice Magic
 34848 | Vaults:2 | XOM: give mutations
 34848 | Vaults:2 | Lost mutation: You are covered in fur. (AC +1) [Xom's
                  | mischief]
 34848 | Vaults:2 | Lost mutation: Your mind is acute. (Int +4, Str/Dex -1)
                  | [Xom's mischief]
 35356 | Vaults:2 | XOM: noise
 35674 | Vaults:3 | Noticed Margery
 35686 | Vaults:3 | Reached XP level 21. HP: 82/181 MP: 0/0
 35686 | Vaults:3 | Learned a level 7 spell: Monstrous Menagerie
 35690 | Vaults:3 | Killed Margery
 35691 | Vaults:3 | XOM: blink monster(s)
 35924 | Vaults:3 | XOM: smoke on damage
 35938 | Vaults:3 | Reached skill level 15 in Dodging
 36103 | Vaults:3 | Noticed Saint Roka
 36105 | Vaults:3 | XOM: potion effect (might)
 36111 | Vaults:3 | Reached skill level 15 in Long Blades
 36116 | Vaults:3 | Killed Saint Roka
 36154 | Vaults:3 | XOM: scenery: 1 doors open, 1 doors close
 36235 | Vaults:3 | You are sucked into a shaft and drop 1 floor!
 36265 | Vaults:4 | XOM: give mutations
 36265 | Vaults:4 | Lost mutation: You have a somewhat thin skeletal structure.
                  | (Dex +2, Stealth+) [Xom's mischief]
 36265 | Vaults:4 | Lost mutation: You expend health (3 HP) to strengthen your
                  | wands. [Xom's mischief]
 36289 | Vaults:4 | Reached skill level 16 in Ice Magic
 36291 | Vaults:4 | XOM: enchant monster (good)
 36307 | Vaults:4 | XOM: summons friendly white imp
 36308 | Vaults:4 | XOM: divination: detect items
 36343 | Vaults:4 | XOM: polymorph white imp -> lemure
 36490 | Vaults:3 | Noticed Mara
 36495 | Vaults:3 | Killed Mara
 36640 | Vaults:3 | XOM: scenery: 1 doors close
 36658 | Vaults:3 | Reached XP level 22. HP: 190/190 MP: 0/0
 36708 | Vaults:3 | Found Nid Def's Armour Boutique.
 36723 | Vaults:3 | Bought the +5 ring mail of the Farrier {rC+ Dex+3} for 542
                  | gold pieces
 36794 | Vaults:3 | XOM: summons 2 hostile shadow creatures
 36835 | Vaults:3 | Found a staircase to the Crypt.
 36835 | Vaults:3 | Found a basalt altar of Yredelemnul.
 36855 | Vaults:3 | XOM: scenery: summon butterflies
 37298 | Vaults:4 | XOM: fog
 37315 | Vaults:4 | XOM: polymorph deep troll -> queen bee
 37325 | Vaults:4 | XOM: summons friendly crimson imp
 37505 | Vaults:4 | XOM: god gift: +6 ring of intelligence
 37556 | Vaults:4 | XOM: give mutations
 37556 | Vaults:4 | Lost mutation: You are very robust. (+20% HP) [Xom's
                  | mischief]
 37556 | Vaults:4 | Lost mutation: Your muscles are strong. (Str +4, Int/Dex
                  | -1) [Xom's mischief]
 37586 | Vaults:4 | Reached XP level 23. HP: 126/181 MP: 0/0
 37586 | Vaults:4 | Learned a level 8 spell: Lehudib's Crystal Spear
 37689 | Vaults:4 | XOM: 7-stop teleportation journey
 37797 | Vaults:4 | Found a portal to a secret trove of treasure.
 37920 | Vaults:4 | XOM: scenery: 1 doors close
 38111 | Vaults:4 | Reached skill level 17 in Ice Magic
 38135 | Vaults:4 | Identified the +4 robe of the Other Side {Str+4 Archmagi}
 38135 | Vaults:4 | Noticed Boris
 38155 | Vaults:4 | Killed Boris
 38229 | Vaults:4 | XOM: give mutations
 38229 | Vaults:4 | Gained mutation: Your flesh is almost immune to the effects
                  | of heat. (rF+++) [Xom's grace]
 38229 | Vaults:4 | Gained mutation: You expend health (3 HP) to strengthen
                  | your wands. [Xom's grace]
 38376 | Vaults:4 | XOM: stat loss: -1 Dex (33/34)
 38736 | Elf:1    | Entered Level 1 of the Elven Halls
 38826 | Elf:1    | XOM is BORED!
 38826 | Elf:1    | XOM: 1-stop teleportation journey
 38904 | Elf:1    | XOM: divine lightning
 38954 | Elf:1    | XOM: 3-stop teleportation journey
 38992 | Elf:1    | XOM: summons friendly iron imp
 38997 | Elf:1    | XOM: scenery: 1 fountains blood, 1 doors close
 39002 | Elf:1    | XOM: summons 2 friendly demons
 39404 | Elf:1    | Found Demekoite's Weapon Shoppe.
 39488 | Elf:1    | XOM: scenery: 3 doors close
 39560 | Elf:1    | XOM: cloud trail
 39602 | Elf:1    | XOM: stat loss: -1 Str (11/12)
 39605 | Elf:1    | XOM: 2-stop teleportation journey
 39793 | Elf:2    | Identified the +9 orcbow "Goryd" {flame, rPois}
 39820 | Elf:2    | XOM: polymorph orc sorcerer -> mana viper
 39836 | Elf:2    | Reached skill level 15 in Spellcasting
 39836 | Elf:2    | Reached skill level 15 in Conjurations
 39836 | Elf:2    | Reached skill level 15 in Hexes
 39836 | Elf:2    | Reached skill level 15 in Summonings
 39836 | Elf:2    | Reached skill level 15 in Necromancy
 39836 | Elf:2    | Reached skill level 15 in Translocations
 39836 | Elf:2    | Reached skill level 15 in Fire Magic
 39836 | Elf:2    | Reached skill level 15 in Air Magic
 39836 | Elf:2    | Reached skill level 15 in Earth Magic
 39836 | Elf:2    | Reached skill level 15 in Alchemy
 39862 | Elf:2    | XOM: blink monster(s)
 39962 | Elf:2    | Found Geenyul's Distillery.
 39972 | Elf:2    | Bought a potion of curing for 63 gold pieces
 39972 | Elf:2    | Bought a potion of curing for 63 gold pieces
 39972 | Elf:2    | Bought a potion of haste for 210 gold pieces
 39972 | Elf:2    | Bought a potion of curing for 63 gold pieces
 40058 | Elf:2    | XOM: noise
 40070 | Elf:2    | XOM: potion effect (attraction)
 40088 | Elf:2    | Reached skill level 15 in Fighting
 40102 | Elf:2    | XOM: silly message
 40148 | Elf:2    | Found a runed translucent gate.
 40148 | Elf:2    | Found a runed translucent gate.
 40148 | Elf:2    | Found a runed translucent gate.
 40354 | Elf:3    | Entered Level 3 of the Elven Halls
 40358 | Elf:3    | XOM: divination: magic mapping
 40516 | Elf:3    | XOM: potion effect (haste)
 40518 | Elf:3    | XOM: silly message
 40649 | Elf:3    | Found a flickering gateway to a bazaar.
 40716 | Bazaar   | Entered a bazaar
 40750 | Bazaar   | Found Rupompy's Antique Weapon Shop.
 40777 | Bazaar   | Found Istruod's Magic Scroll Shop.
 40785 | Bazaar   | Bought a scroll of blinking for 90 gold pieces
 40808 | Bazaar   | Found Xaxkoth's Weapon Boutique.
 40808 | Bazaar   | Found Vainket's Distillery.
 40814 | Bazaar   | Bought a potion of might for 68 gold pieces
 41062 | Elf:3    | Identified the amulet of Juerec {Acrobat rF+ rCorr}
 41274 | Elf:3    | XOM: smoke on damage
 41274 | Elf:3    | XOM: torment (92/182 hp)
 41348 | Elf:3    | XOM: divination: magic mapping
 41354 | Elf:3    | Identified the +3 mace of the Bedazzling Madman {vamp,
                  | Will+}
 41357 | Elf:3    | Reached skill level 15 in Armour
 41357 | Elf:3    | Reached skill level 18 in Ice Magic
 41365 | Elf:3    | Reached XP level 24. HP: 167/191 MP: 0/0
 41368 | Elf:3    | Identified the +0 scale mail "Bunn" {Dex+4}
 41521 | Elf:3    | Identified the staff "Igos" {rPois rN+ Will++ rCorr Necro
                  | Alchemy}
 41597 | Elf:3    | Identified the staff of Calculation {Dex+2 Conj}
 41656 | Elf:3    | Identified the staff of Paper {Str+4 Int-5 Conj}
 41659 | Elf:3    | Identified the staff "Diufedue" {rC+ Int+5 Ice}
 42060 | Crypt:1  | Entered Level 1 of the Crypt
 42071 | Crypt:1  | Noticed Zenata
 42078 | Crypt:1  | XOM: potion effect (berserk rage)
 42084 | Crypt:1  | Killed Zenata
 42135 | Crypt:1  | XOM: give mutations
 42135 | Crypt:1  | Gained mutation: Your mind is acute. (Int +4, Str/Dex -1)
                  | [Xom's grace]
 42135 | Crypt:1  | Gained mutation: You have supernaturally acute eyesight.
                  | (SInv) [Xom's grace]
 42135 | Crypt:1  | Gained mutation: You are very robust. (+20% HP) [Xom's
                  | grace]
 42297 | Crypt:1  | XOM: summons 6 friendly demons
 42354 | Crypt:1  | XOM: cloud trail
 42417 | Crypt:1  | XOM: give mutations
 42417 | Crypt:1  | Gained mutation: Your muscles are strong. (Str +4, Int/Dex
                  | -1) [Xom's grace]
 42417 | Crypt:1  | Gained mutation: You have very sharp fingernails. [Xom's
                  | grace]
 42417 | Crypt:1  | Gained mutation: Your mind is very acute. (Int +8, Str/Dex
                  | -2) [Xom's grace]
 42601 | Crypt:1  | XOM: cast spell 'Summon Horrible Things'
 42705 | Crypt:1  | XOM: 5-stop teleportation journey
 43348 | Vaults:1 | XOM: silly message
 43444 | Vaults:5 | Entered Level 5 of the Vaults
 43448 | Vaults:5 | XOM: noise
 43462 | Vaults:5 | Noticed a golden dragon
 43483 | Vaults:5 | Killed a golden dragon
 43532 | Vaults:5 | Reached skill level 10 in Shapeshifting
 43564 | Vaults:5 | XOM: cast spell 'Metabolic Englaciation'
 43574 | Vaults:5 | XOM: enchant monster (bad)
 43589 | Vaults:5 | Identified the +1 pair of gloves of Space {Int+5 SInv} (Xom
                  | gifted it to you on level 5 of the Vaults)
 43589 | Vaults:5 | XOM: god gift: +1 pair of gloves of Space {Int+5 SInv}
 43775 | Vaults:5 | XOM: god gift: staff of earth
 43830 | Vaults:5 | Noticed Frederick
 43836 | Vaults:5 | Killed Frederick
 43893 | Vaults:5 | Identified the orb of Levity {light, rPois Earth}
 43894 | Vaults:5 | Identified the +0 giant club of Neroniob {freeze, *Slow
                  | +Blink Str+8 Stlth+}
 44164 | Vaults:5 | XOM: cast spell 'Death Channel'
 44165 | Vaults:5 | XOM: destruction
 44274 | Vaults:5 | Reached skill level 19 in Ice Magic
 44323 | Vaults:5 | Noticed a dread lich
 44328 | Vaults:5 | XOM: cast spell 'Olgreb's Toxic Radiance'
 44335 | Vaults:5 | Reached XP level 25. HP: 157/217 MP: 0/0
 44335 | Vaults:5 | Learned a level 8 spell: Discord
 44344 | Vaults:5 | Paralysed by a dread lich for 3 turns
 44568 | Vaults:4 | XOM: silly message
 44572 | Vaults:5 | Noticed a dread lich
 44573 | Vaults:5 | XOM: noise
 44577 | Vaults:5 | Identified the +9 short sword "Killer Klown's Death" {pain,
                  | Int+2}
 44579 | Vaults:5 | XOM: blink monster(s)
 44737 | Vaults:5 | Killed a dread lich
 44737 | Vaults:5 | XOM: potion effect (invisibility)
 44867 | Vaults:5 | XOM: divination: detect items
 44884 | Vaults:3 | XOM: divination: magic mapping
 45049 | Vaults:5 | XOM: 1-stop teleportation journey
 45070 | Vaults:5 | Killed a dread lich
 45166 | Vaults:5 | Identified the +7 arbalest "Ynkufuts" {flame, Dex+5}
 45191 | Vaults:5 | Identified the +3 spear of Suwerph {flame, Fly rF++ Int+4}
 45504 | Vaults:5 | Got a silver rune of Zot
 45643 | Vaults:5 | XOM: noise
 46140 | Slime:1  | Entered Level 1 of the Pits of Slime
 46181 | Slime:1  | XOM: noise
 46286 | Slime:1  | XOM: enchant monster (bad)
 46669 | Slime:4  | Noticed Dissolution
 46674 | Slime:4  | Killed Dissolution
 46803 | Slime:5  | Entered Level 5 of the Pits of Slime
 46863 | Slime:5  | XOM: silly message
 46909 | Slime:5  | XOM: enchant monster (bad)
 46911 | Slime:5  | Noticed the Royal Jelly
 46914 | Slime:5  | XOM: potion effect (invisibility)
 46963 | Slime:5  | Reached skill level 20 in Ice Magic
 46970 | Slime:5  | Reached skill level 15 in Shields
 47061 | Slime:5  | XOM: scenery: create altars
 47066 | Slime:5  | Reached XP level 26. HP: 216/226 MP: 0/0
 47172 | Slime:5  | Found a viscous altar of Jiyva.
 47204 | Slime:5  | Killed the Royal Jelly
 47262 | Slime:5  | Found the +0 pair of gloves of the gadgeteer {Gadgeteer
                  | Wandboost ^Fragile}
 47339 | Slime:5  | Got a slimy rune of Zot
 47344 | Slime:5  | Identified the amulet of Kikubaaqudgha's Pride {Reflect
                  | Will+ Regen+ SH+5}
 47358 | Slime:5  | Identified the ring of Kathenotheism {Wiz Dex+2 Slay+2}
 47360 | Slime:5  | Identified the +4 scimitar "Mucuh" {speed, rPois rF+ rC+
                  | rCorr}
 47421 | Slime:5  | Identified the ring "Cexocuab" {AC+4 Str+3 Dex+5 Slay-5}
 47457 | Slime:5  | Identified the staff "Dududoxt" {^Drain rPois rCorr Str+5
                  | SInv Alchemy}
 47482 | Slime:5  | Identified the +5 whip of Supply {freeze, rPois Int+2}
 47487 | Slime:5  | XOM: give mutations
 47487 | Slime:5  | Lost mutation: Your muscles are strong. (Str +4, Int/Dex
                  | -1) [Xom's mischief]
 47487 | Slime:5  | Lost mutation: You have supernaturally acute eyesight.
                  | (SInv) [Xom's mischief]
 47558 | Slime:5  | Lost mutation: You are mostly covered in iridescent scales.
                  | (AC +4) [a shining eye]
 47966 | Slime:4  | XOM: summons 2 hostile demons
 48176 | D:8      | XOM: summons 1 hostile shadow creature
 48336 | D:15     | XOM: summons 3 hostile shadow creatures
 48374 | Depths:1 | Entered Level 1 of the Depths
 48426 | Depths:1 | Found a one-way gateway to a ziggurat.
 48459 | Depths:1 | XOM: noise
 48507 | Depths:1 | Found a gateway to Hell.
 48581 | Depths:1 | XOM: noise
 48619 | Depths:1 | Identified the +4 robe of the Several Emperors {Rampage rN+
                  | Int-4}
 48619 | Depths:1 | Noticed Boris
 48627 | Depths:1 | XOM: butterfly on damage
 48631 | Depths:1 | HP: 8/226 [Boris/iron shot (58)]
 48964 | Depths:1 | Found an ornate altar of the Wu Jian Council.
 48995 | Depths:1 | Killed Boris
 49160 | Depths:1 | Found Beysexae's Antique Weapon Shoppe.
 49237 | Depths:1 | XOM: noise
 49424 | Depths:2 | XOM: silly message
 49469 | Depths:2 | XOM: divination: magic mapping
 49526 | Depths:2 | XOM: cast spell 'Summon Hydra'
 49588 | Depths:2 | Found a white marble altar of Elyvilon.
 49629 | Depths:2 | Found a one-way gate leading to the halls of Pandemonium.
 49852 | Depths:2 | Noticed a juggernaut
 49858 | Depths:2 | Killed a juggernaut
 50057 | Depths:2 | XOM: 1-stop teleportation journey
 50168 | Depths:2 | Acquired the +0 hat of Wyecrai {Int+3}
 50252 | Depths:2 | XOM: cloud trail
 50505 | Depths:3 | XOM: give mutation
 50505 | Depths:3 | Gained mutation: You have a somewhat thin skeletal
                  | structure. (Dex +2, Stealth+) [Xom's grace]
 50521 | Depths:3 | XOM: cleaving
 50570 | Depths:3 | Reached skill level 21 in Ice Magic
 50825 | Depths:3 | Reached XP level 27. HP: 226/235 MP: 0/0
 50825 | Depths:3 | Learned a level 9 spell: Dragon's Call
 50846 | Depths:3 | XOM: summons 2 friendly demons
 50864 | Depths:3 | XOM: enchant monster (good)
 51664 | Depths:3 | XOM: potion effect (brilliance)
 51675 | Depths:3 | XOM: noise
 51726 | Depths:3 | XOM: fake destruction
 51760 | Depths:3 | Found a basalt altar of Yredelemnul.
 51811 | Depths:3 | XOM: silly message
 52365 | Crypt:2  | Noticed Bai Suzhen
 52373 | Crypt:2  | Killed Bai Suzhen
 52374 | Crypt:2  | XOM: potion effect (haste)
 52383 | Crypt:2  | XOM: potion effect (haste)
 52469 | Crypt:2  | Identified the +4 robe of Autotheism {^Drain rN+ Int+3
                  | SInv}
 52469 | Crypt:2  | Noticed Boris
 52484 | Crypt:2  | Killed Boris
 52682 | Crypt:2  | XOM: silly message
 52704 | Crypt:2  | Noticed Jory
 52718 | Crypt:2  | XOM: noise
 52719 | Crypt:2  | Killed Jory
 52730 | Crypt:2  | XOM: potion effect (invisibility)
 52860 | Crypt:2  | XOM: silly message
 52992 | Crypt:2  | XOM: potion effect (haste)
 53030 | Crypt:2  | XOM: silly message
 53150 | Crypt:2  | Reached skill level 22 in Ice Magic
 53154 | Crypt:2  | XOM: divination: detect items
 53362 | Crypt:3  | Entered Level 3 of the Crypt
 53890 | Crypt:3  | XOM: potion effect (heal wounds)
 53939 | Crypt:3  | XOM: potion effect (might)
 53986 | Crypt:3  | Found a staircase to the Tomb.
 54006 | Crypt:3  | Identified the +2 rapier "Ocurett" {spect, *Slow rPois rC+
                  | SInv}
 54044 | Crypt:3  | XOM: give mutations
 54044 | Crypt:3  | Gained mutation: Your muscles are strong. (Str +4, Int/Dex
                  | -1) [Xom's grace]
 54044 | Crypt:3  | Gained mutation: A frigid envelope surrounds you and
                  | freezes all who hurt you. [Xom's grace]
 54137 | Crypt:3  | Identified the staff of Yfyoxac {rC+ rN+ Str+4 Stlth- Necro
                  | Air}
 54186 | Crypt:3  | XOM: divination: magic mapping
 54189 | Crypt:3  | XOM: silly message
 54487 | Crypt:3  | XOM: divination: detect creatures
 54890 | Depths:4 | Entered Level 4 of the Depths
 54929 | Depths:4 | XOM: divination: magic mapping
 55013 | Depths:4 | XOM: potion effect (invisibility)
 55334 | Depths:4 | Found a gate to the Realm of Zot.
 55601 | Depths:4 | Reached skill level 15 in Shapeshifting
 55601 | Depths:4 | XOM: confuse monster(s)
 55678 | Depths:4 | XOM: divination: magic mapping
 56276 | Depths:4 | XOM: noise
 56318 | Zot:1    | Entered Level 1 of the Realm of Zot
 56321 | Zot:1    | XOM: swap monsters
 56326 | Zot:1    | XOM: destruction
 56422 | Depths:4 | XOM: summons 4 hostile demons
 56860 | Zot:1    | XOM: noise
 56879 | Zot:1    | XOM: butterfly on damage
 57093 | Zot:1    | XOM: divination: magic mapping
 57097 | Zot:1    | XOM: divination: detect creatures
 57106 | Zot:1    | XOM: cast spell 'Cause Fear'
 57262 | Zot:1    | XOM: confuse monster(s)
 57330 | Zot:1    | XOM: noise
 57342 | Zot:1    | XOM: give mutations
 57342 | Zot:1    | Lost mutation: You are agile. (Dex +4, Str/Int -1) [Xom's
                  | mischief]
 57342 | Zot:1    | Lost mutation: You are somewhat resistant to both further
                  | mutation and mutation removal. [Xom's mischief]
 57734 | Zot:2    | XOM: polymorph quicksilver dragon -> goliath frog
 57736 | Zot:2    | XOM: god gift: 52 gold pieces
 57751 | Zot:2    | XOM: cleaving
 57833 | Zot:2    | XOM: summons 3 friendly demons
 57836 | Zot:2    | XOM: scenery: summon butterflies
 58109 | Zot:2    | XOM: chaos upgrade
 58159 | Zot:2    | XOM: summons 13 hostile demons
 58304 | Zot:2    | XOM: summons 13 hostile demons
 58668 | Zot:3    | XOM: 1-stop teleportation journey
 58675 | Zot:3    | XOM: chaos upgrade
 58694 | Zot:3    | XOM: summons 4 hostile demons
 58711 | Zot:3    | XOM: give mutations
 58711 | Zot:3    | Lost mutation: Your flesh is almost immune to the effects
                  | of heat. (rF+++) [Xom's mischief]
 58711 | Zot:3    | Lost mutation: You have a pair of antennae on your head.
                  | [Xom's mischief]
 58970 | Zot:3    | XOM: give mutations
 58970 | Zot:3    | Lost mutation: Your skin changes colour to match your
                  | surroundings (Stealth+). [Xom's mischief]
 58970 | Zot:3    | Lost mutation: Your mind is very acute. (Int +8, Str/Dex
                  | -2) [Xom's mischief]
 58970 | Zot:3    | Lost mutation: You have a somewhat thin skeletal structure.
                  | (Dex +2, Stealth+) [Xom's mischief]
 58970 | Zot:3    | Lost mutation: Your mind is acute. (Int +4, Str/Dex -1)
                  | [Xom's mischief]
 59719 | Zot:4    | Noticed a Killer Klown
 59726 | Zot:4    | a Killer Klown changed into a rockslime
 59726 | Zot:4    | XOM: polymorph Killer Klown -> rockslime
 59909 | Zot:4    | XOM: god gift: curare-tipped dart
 59949 | Zot:4    | XOM: 4-stop teleportation journey
 60064 | Zot:4    | XOM: cleaving
 60067 | Zot:4    | XOM: summons friendly iron imp
 60069 | Zot:4    | XOM: cast spell 'Discord'
 60501 | Zot:4    | XOM: fog
 60731 | Zot:5    | Entered Level 5 of the Realm of Zot
 60771 | Zot:5    | XOM: scenery: summon butterflies
 60979 | Zot:5    | Noticed an ancient lich
 60981 | Zot:5    | Noticed a dread lich
 60984 | Zot:5    | XOM: summons friendly white imp
 60996 | Zot:5    | XOM: god gift: 7 stones
 61004 | Zot:5    | XOM: fog
 61013 | Zot:5    | XOM: summons 14 friendly demons
 61124 | Zot:5    | Killed a dread lich
 61443 | Zot:5    | Noticed a dread lich
 61451 | Zot:5    | Killed a dread lich
 61504 | Zot:5    | Noticed a Killer Klown
 61508 | Zot:5    | Killed a Killer Klown
 61541 | Zot:5    | Noticed a Killer Klown
 61547 | Zot:5    | Killed a Killer Klown
 61597 | Zot:5    | Noticed a Killer Klown
 61601 | Zot:5    | Killed a Killer Klown
 61601 | Zot:5    | Noticed a Killer Klown
 61605 | Zot:5    | Killed a Killer Klown
 61608 | Zot:5    | XOM: give mutations
 61608 | Zot:5    | Gained mutation: You have very sharp teeth. [Xom's grace]
 61673 | Zot:5    | Noticed a Killer Klown
 61677 | Zot:5    | Killed a Killer Klown
 61746 | Zot:5    | Noticed an orb of fire
 61756 | Zot:5    | Killed an orb of fire
 61971 | Hell     | Entered the Vestibule of Hell
 61971 | Hell     | Noticed Geryon
 61974 | Hell     | Noticed Murray
 61975 | Hell     | XOM: destruction
 61992 | Depths:4 | Killed Murray
 62222 | Depths:4 | XOM: noise
 62465 | Depths:4 | XOM: noise
 62796 | Hell     | XOM: potion effect (invisibility)
 62863 | Hell     | XOM: potion effect (berserk rage)
 62864 | Hell     | XOM: summons friendly white imp
 62922 | Hell     | XOM: polymorph hell beast -> iron imp
 62923 | Hell     | Killed Geryon
 63101 | Hell     | XOM: potion effect (haste)
 63102 | Hell     | XOM: noise
 63180 | Hell     | Found a gateway to the decaying netherworld of Tartarus.
 63237 | Hell     | Found a gateway to the freezing wastes of Cocytus.
 63458 | Hell     | XOM: summons 8 hostile demons
 63505 | Hell     | Found a gateway to the Iron City of Dis.
 63559 | Hell     | Found a gateway to the ashen valley of Gehenna.
 63739 | Depths:1 | Voluntarily entered the Abyss.
 63741 | Abyss:1  | XOM: silly message
 63946 | Abyss:2  | Found a corrupted altar of Lugonu.
 64118 | Abyss:3  | XOM: polymorph unseen horror -> great orb of eyes
 64165 | Abyss:3  | Found a corrupted altar of Lugonu.
 64238 | Abyss:3  | Found a corrupted altar of Lugonu.
 64333 | Abyss:3  | XOM: stat loss: -1 Dex (28/29)
 64439 | Abyss:3  | Found a corrupted altar of Lugonu.
 64442 | Abyss:3  | Found a corrupted altar of Lugonu.
 64442 | Abyss:3  | Found a corrupted altar of Lugonu.
 64586 | Abyss:3  | XOM: polymorph sixfirhy -> rust devil
 64641 | Abyss:3  | Reached skill level 23 in Ice Magic
 64791 | Abyss:3  | XOM: summons friendly quasit
 64861 | Abyss:3  | XOM: enchant monster (bad)
 64876 | Abyss:3  | XOM: confuse monster(s)
 64986 | Abyss:4  | Got an abyssal rune of Zot
 65093 | Depths:1 | Escaped the Abyss
 65254 | Vaults:1 | XOM: silly message
 65437 | Vaults:4 | You showed the abyssal rune of Zot to enter a treasure
                  | trove
 65438 | Trove    | Entered a treasure trove
 65442 | Trove    | Found the +0 pair of fencer's gloves {Riposte Dex+3}
 65448 | Trove    | Identified the +1 hat of Yckuniph {Fly rCorr Str+4}
 65452 | Trove    | Identified the +5 kite shield "Xobryphi" {Rampage rPois rN+
                  | Will-}
 65453 | Trove    | Identified the +6 plate armour "Pebicw" {rC+ rN+}
 65454 | Trove    | Identified the +1 pair of gloves "Fukumuoq" {Int+3}
 65456 | Trove    | Identified the +1 scale mail of Torghaer {*Slow Str+8 SInv
                  | Stlth+}
 65457 | Trove    | Identified the +0 hat of Hielojan {Rampage rPois Str+3
                  | Int+4}
 65458 | Trove    | Identified the +0 kite shield of Zin's Wrath {Rampage *Slow
                  | rPois rC-}
 65463 | Trove    | Identified the +1 chain mail of Tuemmuppa {rElec Str+5
                  | Int+3}
 65464 | Trove    | Identified the +1 cloak of Buutop {Dex+4}
 65465 | Trove    | Identified the +0 plate armour "Robreakk" {rC+ Str+2 Dex+3}
 65843 | Depths:1 | XOM: scenery: create altars
 65981 | Pan      | Entered Pandemonium
 65983 | Pan      | XOM: summons 3 friendly demons
 65989 | Pan      | XOM: 2-stop teleportation journey
 66015 | Pan      | Noticed Xuzen the pandemonium lord
 66027 | Pan      | XOM: confuse monster(s)
 66031 | Pan      | XOM: divination: magic mapping
 66049 | Pan      | XOM: blink monster(s)
 66196 | Pan      | XOM: summons 4 hostile demons
 66200 | Pan      | Killed Xuzen the pandemonium lord
 66225 | Pan      | XOM: smoke on damage
 66405 | Pan      | XOM: divination: magic mapping
 66556 | Pan      | Noticed Erergh the pandemonium lord
 66559 | Pan      | XOM: smoke on damage
 66604 | Pan      | Killed Erergh the pandemonium lord
 66844 | Pan      | Got a demonic rune of Zot
 66872 | Pan      | Identified the +8 war axe of Atsis {elec, rF+ Int+2 Stlth+}
 67010 | Pan      | Entered the realm of Lom Lobon.
 67010 | Pan      | Noticed Lom Lobon
 67024 | Pan      | XOM: swap monsters
 67620 | Pan      | XOM: scenery: create altars
 67632 | Pan      | XOM: 6-stop teleportation journey
 67642 | Pan      | XOM: smoke on damage
 67870 | Pan      | XOM: 7-stop teleportation journey
 67871 | Pan      | XOM: confuse monster(s)
 67995 | Pan      | XOM: enchant monster (bad)
 68041 | Pan      | XOM: summons 14 hostile demons
 68274 | Pan      | Reached skill level 24 in Ice Magic
 68377 | Pan      | HP: 7/241 [Lom Lobon/great icy blast (43)]
 68673 | Pan      | XOM: god gift: potion of magic
 68676 | Pan      | XOM: polymorph hellwing -> ice devil
 68848 | Pan      | XOM: silly message
 68857 | Pan      | Killed Lom Lobon
 68865 | Pan      | Got a magical rune of Zot
 69281 | Pan      | XOM: cast spell 'Summon Small Mammal'
 69336 | Pan      | Found an exit through the horrors of the Abyss.
 69565 | Pan      | XOM: cast spell 'Summon Small Mammal'
 69566 | Pan      | XOM: divination: detect creatures
 69570 | Pan      | XOM: scenery: create altars
 69640 | Pan      | Entered the realm of Cerebov.
 69663 | Pan      | XOM: confuse monster(s)
 69855 | Pan      | XOM: summons friendly ufetubus
 70112 | Pan      | Identified the +4 leather armour of Syndicalism {Will+}
 70155 | Pan      | XOM: 3-stop teleportation journey
 70232 | Pan      | Identified the ring "Guvotivi" {rPois rF++ rCorr Str+4
                  | Dex-5}
 70238 | Pan      | Identified the +4 spear "Tysacsud" {pain, Int+3 Stlth+}
 70291 | Pan      | Found the +6 sword of Cerebov {flame}
 70291 | Pan      | Noticed Cerebov
 70291 | Pan      | XOM: divination: detect creatures
 70295 | Pan      | XOM: polymorph Cerebov -> Cerebov
 70296 | Pan      | XOM: divination: detect items
 70300 | Pan      | XOM: summons 5 friendly demons
 70311 | Pan      | Killed from afar by a hellion

Illustrated notes

Levels and vault maps discovered:
D:1:      minmay_arrival_loop, layout_loops_ring, minmay_gold_behind_fungi,
          minivault_19
D:2:      layout_loops_corners, nicolae_ecumenical_lake_church,
          lightli_corner_chamber
D:3:      layout_basic, beargit_hepliaklqana_dungeon_heroes,
          mainiacjoe_overflow_alcove_2, nicolae_overflow_crystal_walls,
          kennysheep_donut, uniq_terence, uniq_natasha, uniq_crazy_yiuf_cottage
D:4:      layout_cave_pools, gammafunk_ghost_arena, bh_walls_and_bars
D:5:      layout_loops_cross, grunt_temple_overflow_champion_of_chaos,
          serial_shops, shop, nicolae_shop_just_a_little_nook,
          ebering_ghost_disaster_area, nicolae_figureground_sparkle,
          uniq_prince_ribbit1
D:6:      layout_basic, temple_doors_e
D:7:      layout_gridville, enter_bailey_4, minmay_manual_mess
D:8:      layout_loops_cross, erik_lair_orcish_takeover
D:9:      layout_basic
D:10:     layout_basic, serial_shops, nicolae_take_the_stairs
D:11:     layout_rooms, erik_orc_4, grunt_ministairs_11,
          hangedman_weighted_door, uniq_grum
D:12:     layout_layer_cave
D:13:     layout_stronghold, skrybe_vaults_entry_preservation
D:14:     layout_basic, ebering_ghost_disaster_area, minivault_5,
          nicolae_shop_fire_sale [nicolae_sub_dead_trees], ice2_lemuel,
          uniq_josephine, uniq_snorg
D:15:     hellmonk_depths_entry_around_the_bend, layout_basic, serial_shops,
          nicolae_shop_pleasant_corner_grove, fedhas_altar_fruit_tree
Lair:1:   layout_regular_city, serial_bayou_shore_b, grunt_megastairs_3
Lair:2:   layout_small_grid, special_room [special_room_bee]
Lair:3:   minmay_lair_oklob_chamber, layout_big_grid, skrybe_swamp_entry_bodies,
          nicolae_snake_entry_warm_welcome
Lair:4:   layout_hall_layers, minmay_lair_oklob_items
Lair:5:   hellmonk_lair_end_abyssal_woods, layout_cave_pods, slime_entry_1,
          gammafunk_ghost_arena, chequers_serial_rivers_room_b,
          chequers_serial_rivers_micro_b
Swamp:1:  layout_falls_marsh, evilmike_swamp_ruin_house_2,
          nicolae_swamp_snake_nest
Swamp:2:  layout_basic_swamp, nicolae_swamp_little_tower
Swamp:3:  layout_falls_marsh, nicolae_swamp_tree_designs, swamp_pool_1_2,
          nicolae_swamp_triple_paths
Swamp:4:  grunt_swamp_rune_castle, layout_basic_swamp, swamp_pool_1_2
Snake:1:  layout_onion, basic_altar, serial_shops, shop, grunt_ministairs_3,
          drop_trap, lemuel_fruit_tree, minmay_shop_star
Snake:2:  layout_rooms, basic_altar, portal_ice_cave_entry_ice_simulacra
Snake:3:  layout_layer_cave, serial_shops, nicolae_shop_tiny_real_fake_doors,
          minmay_shoptagon
Snake:4:  grunt_snake_rune_spirals, layout_onion_interference,
          serial_bayou_crossing, uniq_aizul, uniq_vashnia, uniq_asterion
Slime:1:  layout_caves, special_room [special_room_jelly]
Slime:2:  layout_caves
Slime:3:  layout_caves
Slime:4:  layout_caves, uniq_dissolution
Slime:5:  slime_pit_nicolae_trefoil
Orc:1:    hellmonk_paralyzer, layout_caves, nicolae_orc_rockfall
Orc:2:    st_orc_mages, layout_caves, gammafunk_ghost_necromancy
Elf:1:    minmay_elf_arrival_circle, layout_geoelf_octagon, serial_shops, shop,
          minmay_elf_necromancy
Elf:2:    nicolae_elf_blades_splatter_lattice
          [nicolae_blade_entry_sentries_behind_glass], layout_geoelf_octagon,
          serial_shops, shop
Elf:3:    minmay_elf_hall, layout_gridlike, basic_altar, serial_shops,
          bzr_entry_dummy, drop_trap
Vaults:1: vaults_room_ringed_pool, hangedman_vaults_locks, vaults_mumra_hex,
          nicolae_vaults_house_1, nicolae_vaults_network_quinsquares
          [nicolae_vaults_network_quincunx_subvault,
          nicolae_vaults_network_quincunx_subvault,
          nicolae_vaults_network_quincunx_subvault,
          nicolae_vaults_network_quincunx_subvault],
          nicolae_vaults_display_case, layout_vaults_omnigrid
Vaults:2: nicolae_vaults_variable_pillar_hall, vaults_dpeg_diagonal,
          vaults_dpeg_emergency_exit, vaults_room_door_ring,
          nicolae_vaults_tetromino_Z_1, nicolae_vaults_shipping_containers_4,
          v_alt_pattern_5, vaults_room_hallway, serial_ice_h, v_rooms_3,
          nicolae_vaults_variable_pillar_hall, nicolae_vaults_circle_grid_a,
          nicolae_vaults_apartment_1, nicolae_vaults_closet_pinwheel_2,
          v_alt_pattern_2, layout_vaults_maze_snakey
Vaults:3: vaults_room_grunt_arrival_checkpoint, vaults_mumra_minichess,
          st_cross, vaults_room_large_hall,
          nicolae_vaults_taking_the_gang_shopping, nicolae_vaults_tetromino_Z_2,
          nicolae_vaults_doubleplus_tesselated, hangedman_vaults_slice,
          v_misc_4, ontoclasm_vaults_loading_screen, layout_vaults_ring,
          minmay_crypt_entry_necro_gods, uniq_saint_roka, uniq_margery,
          uniq_mara
Vaults:4: grunt_vaults_diagonal, nicolae_vaults_hallways_thing,
          hangedman_vaults_capsules, vaults_room_octagon,
          nicolae_vaults_storage_closets_1, st_lattice,
          nicolae_vaults_hexular_roomagon, nicolae_vaults_trapezoid_lopsided_3,
          vaults_room_corners, vaults_mumra_chevron_long,
          layout_vaults_big_cross, nicolae_trove_entry_columns, uniq_boris
Vaults:5: uniq_frederick
Crypt:1:  layout_gridlike, uniq_zenata, uniq_josephina
Crypt:2:  layout_gridlike, minmay_misc_feat_columns, grunt_megastairs_1,
          uniq_jory, uniq_bai_suzhen
Crypt:3:  grunt_crypt_end_deaths_head
Depths:1: layout_basic, enter_ziggurat_a, nzn_wu_jian_contemplation,
          abyss_entry, serial_shops, nicolae_shop_overgrown_old_shop,
          hellmouth_1, nicolae_kikubaaqudgha_miasma_corner
Depths:2: minmay_broken_ring, layout_cave_pools, rand_demon_pan_entry_5,
          hell_entry, elyvilon_altar_5, nicolae_burly_brawl
Depths:3: nzn_winding_woodlands_large [nzn_winding_woodlands_5x5_three,
          nzn_winding_woodlands_5x15_eye, nzn_winding_woodlands_5x5_closed_star,
          nzn_winding_woodlands_center_garden,
          nzn_winding_woodlands_15x15_killbox,
          nzn_winding_woodlands_center_lodge,
          nzn_winding_woodlands_5x5_perimeter,
          nzn_winding_woodlands_5x15_pathside_ponds,
          nzn_winding_woodlands_hourglass], layout_long_grid,
          grunt_hell_entry_dis_mu, regret_index_abyss_entry_earlier_magic,
          lemuel_statue_altar, grunt_guarded_unrand_doom_knight
Depths:4: evilmike_zot_entry_argh, layout_gridlike, hell_entry, serial_sigils,
          serial_sigils_hangedman_scratch, serial_sigils_hangedman_snap,
          serial_sigils_hangedman_leer, serial_sigils_hangedman_etch,
          serial_sigils_hangedman_writhe
Hell
Zot:1:    regret_index_all_hallows'_manor, layout_misc_corridors,
          regret_index_zotdec_carving_tricks
Zot:2:    layout_misc_corridors, lemuel_elevator
Zot:3:    layout_gridville, skrybe_zot_glass_2,
          regret_index_zotdec_barnacled_simple
Zot:4:    layout_gridville, grunt_ministairs_14, amethyst_zot_foddershock
Zot:5:    layout_concentric_octagons
Pan:      evilmike_mini_pan_thingy, layout_small_grid, lemuel_hellion_island,
          layout_irregular_city, lom_lobon_grunt_wind_tunnels,
          layout_small_grid, rand_demon_9, layout_chambers,
          cerebov_grunt_fire_and_steel, layout_basic, nicolae_pan_sigil_obb

Skill      XL: |  1  2  3  4  5  6  7  8  9 10 11 12 13 14 15 16 17 18 19 20 21 22 23 24 25 26 27 |
---------------+----------------------------------------------------------------------------------+-----
Spellcasting   | 1 2 3 4 5 6 7 8 9 10 11 12 13 14 15 16 17 19 | 19.6
Conjurations   | 1 2 3 4 5 6 7 8 9 10 11 12 13 14 15 16 17 19 | 19.6
Hexes          | 1 2 3 4 5 6 7 8 9 10 11 12 13 14 15 16 17 19 | 19.6
Summonings     | 1 2 3 4 5 6 7 8 9 10 11 12 13 14 15 16 17 22 | 22.0
Necromancy     | 1 2 3 4 5 6 7 8 9 10 11 12 13 14 15 16 17 19 | 19.6
Translocations | 1 2 3 4 5 6 7 8 9 10 11 12 13 14 15 16 17 19 | 19.6
Fire Magic     | 1 2 3 4 5 6 7 8 9 10 11 12 13 14 15 16 17 19 | 19.6
Ice Magic      | 1 2 3 4 5 6 7 8 9 10 11 13 14 15 16 18 19 20 21 24 | 24.5
Air Magic      | 1 2 3 4 5 6 7 8 9 10 11 12 13 14 15 16 17 19 | 19.6
Earth Magic    | 1 2 3 4 5 6 7 8 9 10 11 12 13 14 15 16 17 19 | 19.6
Alchemy        | 1 2 3 4 5 6 7 8 9 10 11 12 13 14 15 16 17 21 | 21.7
Long Blades    | 3 4 5 7 8 10 11 12 13 14 15 16 17 | 17.8
Armour         | 2 3 4 5 6 7 8 9 10 11 12 13 14 15 16 18 | 18.1
Dodging        | 3 4 5 6 7 8 9 10 11 12 13 14 15 16 17 18 19 | 19.7
Fighting       | 4 5 6 7 8 9 10 11 12 13 14 15 16 17 19 | 19.1
Evocations     | 1 3 5 6 7 8 9 10 | 10.5
Shapeshifting  | 2 4 5 6 7 8 9 10 11 23 | 23.1
Shields        | 4 6 8 10 11 12 13 14 15 17 | 17.0

Action                     |  1- 3 |  4- 6 |  7- 9 | 10-12 | 13-15 | 16-18 | 19-21 | 22-24 | 25-27 || total
---------------------------+-------+-------+-------+-------+-------+-------+-------+-------+-------++-------
  Melee: Falchion          |    99 |   154 |   320 |   810 |   513 |       |       |       |       ||  1896
         Double sword      |       |       |       |       |   214 |   624 |   680 |   683 |  2372 ||  4573
         Bite              |       |       |       |       |       |       |       |       |   255 ||   255
   Cast: Jinxbite          |       |       |     3 |     1 |       |       |       |       |       ||     4
         Sigil of Binding  |       |       |     1 |     1 |       |       |       |       |       ||     2
         Cause Fear        |       |       |       |     3 |     1 |       |       |       |     1 ||     5
         Freezing Cloud    |       |       |       |       |   124 |    68 |    31 |    34 |    95 ||   352
         Permafrost Erupti |       |       |       |       |       |       |   128 |   139 |  1016 ||  1283
         Death Channel     |       |       |       |       |       |       |     1 |       |       ||     1
         Malign Gateway    |       |       |       |       |       |       |       |       |     3 ||     3
         Lehudib's Crystal |       |       |       |       |       |       |       |       |    59 ||    59
         Monstrous Menager |       |       |       |       |       |       |       |       |     7 ||     7
         Discord           |       |       |       |       |       |       |       |       |     4 ||     4
         Dragon's Call     |       |       |       |       |       |       |       |       |     3 ||     3
Ability: Evoke Invisibilit |       |       |       |       |       |       |       |     1 |     1 ||     2
  Evoke: Wand              |       |       |     2 |     2 |       |       |       |       |     7 ||    11
         Box of beasts     |       |       |       |       |       |       |       |       |     1 ||     1
         Phantom mirror    |       |       |       |       |       |       |       |       |     1 ||     1
    Use: Scroll            |       |     1 |     4 |     8 |     6 |     5 |     5 |     8 |    21 ||    58
         Potion            |       |       |       |       |       |     1 |     1 |     3 |     7 ||    12
   Stab: Confused          |       |     3 |     7 |    26 |     2 |     2 |     2 |       |     4 ||    46
         Sleeping          |       |     2 |    18 |     4 |     4 |    12 |    11 |    16 |     6 ||    73
         Paralysed         |       |     1 |       |     5 |     2 |       |       |       |     1 ||     9
         Petrifying        |       |     1 |       |     6 |     3 |     1 |       |       |       ||    11
         Petrified         |       |       |       |     6 |       |       |       |       |       ||     6
         Distracted        |       |       |       |     5 |     4 |     8 |     4 |     4 |    16 ||    41
         Betrayed ally     |       |       |       |     1 |     1 |       |       |       |       ||     2
         Held in net/web   |       |       |       |       |     1 |       |       |       |       ||     1
         Invisible         |       |       |       |       |       |     1 |       |     2 |    17 ||    20
 Armour: Leather armour    |    68 |   115 |   191 |   196 |       |       |       |       |       ||   570
         Troll leather arm |       |       |       |   201 |   308 |   280 |       |       |       ||   789
         Scale mail        |       |       |       |       |       |    45 |       |       |       ||    45
         Acid dragon scale |       |       |       |       |       |    88 |   209 |     2 |       ||   299
         Ring mail         |       |       |       |       |       |       |       |   206 |   888 ||  1094
  Dodge: Dodged            |    64 |   136 |   311 |   640 |   603 |   532 |   354 |   344 |  1366 ||  4350
  Block: Kite shield       |       |       |       |       |   107 |   715 |   648 |   601 |  2762 ||  4833
         Reflection        |       |       |       |       |       |       |       |       |    49 ||    49
   Form: Death             |       |       |       |       |       |       |       |       |     2 ||     2
                           |       |       |       |       |       |       |       |       |     1 ||     1

Table legend: (Time is in decaauts)
 A = Elapsed time spent in this place.
 B = Non-inter-level travel time spent in this place.
 C = Inter-level travel time spent in this place.
 D = Time resting spent in this place.
 E = Time spent auto-exploring this place.
 F = Levels seen in this place.
 G = Mean time per level.
                   A        B        C        D        E       F      G
               +--------+--------+--------+--------+--------+-----+--------+
         Total |  69319 |  63090 |   6229 |  12198 |  34522 |  69 | 1004.6 |
       Dungeon |  19805 |  17808 |   1997 |   5990 |   9007 |  15 | 1320.3 |
          Lair |   5969 |   5305 |    664 |    475 |   3495 |   5 | 1193.8 |
         Swamp |   2869 |   2707 |    162 |    314 |   1532 |   4 |  717.2 |
     Snake Pit |   3202 |   3009 |    193 |    156 |   1939 |   4 |  800.5 |
    Slime Pits |   1762 |   1705 |     57 |    223 |    789 |   5 |  352.4 |
  Orcish Mines |   1407 |   1289 |    118 |     26 |    777 |   2 |  703.5 |
   Elven Halls |   2904 |   2729 |    175 |    266 |   1629 |   3 |  968.0 |
        Vaults |   8609 |   7004 |   1605 |   1018 |   4119 |   5 | 1721.8 |
         Crypt |   3121 |   2825 |    296 |    267 |   1841 |   3 | 1040.3 |
        Depths |   6630 |   5997 |    633 |   1498 |   3083 |   4 | 1657.5 |
          Hell |    634 |    617 |     17 |      0 |    346 |   1 |  634.0 |
           Zot |   5385 |   5078 |    307 |    884 |   2997 |   5 | 1077.0 |
         Abyss |   1284 |   1284 |      0 |      0 |    421 |   4 |  321.0 |
   Pandemonium |   4199 |   4199 |      0 |    840 |   1886 |   5 |  839.8 |
        Bazaar |    116 |    116 |      0 |      0 |    101 |   1 |  116.0 |
         Trove |    111 |    111 |      0 |      0 |      2 |   1 |  111.0 |
        Bailey |    383 |    383 |      0 |      0 |    172 |   1 |  383.0 |
      Ice Cave |    920 |    920 |      0 |    239 |    384 |   1 |  920.0 |
               +--------+--------+--------+--------+--------+-----+--------+

Top non-repeatable levels by time:
     D:1: 6430 daAuts
Depths:4: 2620 daAuts
Vaults:4: 2126 daAuts
  Lair:5: 2034 daAuts
Vaults:3: 1967 daAuts
Depths:3: 1814 daAuts
Vaults:5: 1659 daAuts
    D:13: 1652 daAuts
Vaults:1: 1574 daAuts
   Zot:4: 1411 daAuts
   Zot:1: 1402 daAuts
Vaults:2: 1281 daAuts
 Snake:4: 1246 daAuts
Depths:1: 1173 daAuts
   Elf:3: 1166 daAuts
